 Dungeon Crawl Stone Soup version 0.31-a0-167-g1c394c0614 (webtiles) character file.

Game seed: 8285857776920444357

281596 qw the Warrior (level 20, -10/137 HPs)
             Began as a Gargoyle Fighter on June 14, 2023.
             Was an Elder of Okawaru.
             Mangled by a vault guard
             ... wielding a +3 war axe
              (12 damage)
             ... on level 4 of the Vaults.
             The game lasted 00:26:19 (37308 turns).

qw the Warrior (Gargoyle Fighter)                  Turns: 37308, Time: 00:26:19

Health: -10/137    AC: 50    Str: 30    XL:     20   Next: 91%
Magic:  27/27      EV: 18    Int: 13    God:    Okawaru [****..]
Gold:   2223       SH: 20    Dex: 12    Spells: 19/19 levels left

rFire   . . .        n - +0 broad axe (spect)
rCold   . . .        E - +0 kite shield
rNeg    + . .        F - +1 plate armour {Will+}
rPois   inf          D - +2 helmet {SInv}
rElec   +            z - +0 cloak
rCorr   .            l - +2 pair of gloves
SInv    +            m - +0 pair of boots
Will    ++...        h - amulet of reflection Stlth
                     g - +6 ring of strength
HPRegen 0.42/turn    b - +5 ring of evasion
MPRegen 0.20/turn

%: reflection
@: about to teleport, heroic, frozen, flying, very slow
A: sickness immunity, AC +15, big wings, negative energy resistance 1,
electricity resistance, torment resistance 1, petrification resistance,
iridescent scales 1, agile 1, clever 1, weak 1
}: 1/15 runes: gossamer
a: Renounce Religion, Heroism, Finesse


You were on level 4 of the Vaults.
You worshipped Okawaru.
Okawaru was greatly pleased with you.
You visited 7 branches of the dungeon, and saw 34 of its levels.
You visited the Abyss 1 time.

You collected 4614 gold pieces.
You spent 2391 gold pieces at shops.


Innate Abilities, Weirdness & Mutations

You are immune to sickness and miasma.
Your stone body is resilient. (AC +15)
You are immune to poison.
Your large and strong wings let you fly.
You resist negative energy. (rN+)
You are resistant to electric shocks. (rElec)
You are resistant to unholy torment.
You are immune to petrification.
You are partially covered in iridescent scales. (AC +2)
You are agile. (Dex +4, Str/Int -1)
Your mind is acute. (Int +4, Str/Dex -1)
You are weak. (Str -2)


   Skills:
 + Level 18.6(23.6) Fighting
 - Level 18.0(23.0) Axes
 - Level 10.0(15.0) Throwing
 - Level 18.0(23.0) Armour
 - Level 6.0(11.0) Dodging
 - Level 16.4(21.4) Shields
 - Level 10.0 Invocations


You had 19 spell levels left.
You didn't know any spells.
Your spell library was empty.

Inventory:

Hand Weapons
 n - a +0 spectral broad axe (weapon)
 C - a +2 broad axe of electrocution
 H - the +16 obsidian axe {drain, demonic, Mesm Drain Fly SInv}
   (Okawaru gifted it to you on level 1 of the Spider Nest)

   Mesm:      Its wielder is mesmerised by any visible foes, and it cannot be
   unequipped while any foes are visible.
   SInv:      It lets you see invisible.
   Fly:       It grants you flight.
   Drain:     It drains your maximum health when unequipped.
Missiles
 y - 15 boomerangs
Armour
 l - a +2 pair of gloves (worn)
 m - a +0 pair of boots (worn)
 q - the +1 pair of boots of the Planets {rF- Dex+5}
   (You acquired it on level 9 of the Dungeon)

   Dex:       It affects your dexterity (+5).
   rF:        It makes you vulnerable to fire.
 z - a +0 cloak (worn)
 B - +0 acid dragon scales
 D - a +2 helmet of see invisible (worn)
 E - a +0 kite shield (worn)
 F - a +1 plate armour of willpower (worn)
 K - a +0 chain mail of fire resistance
Jewellery
 b - a +5 ring of evasion (right hand)
 g - a +6 ring of strength (left hand)
 h - an amulet of reflection (around neck)
 o - a ring of ice
 t - a ring of ice
 v - a ring of protection from fire
 x - a ring of fire
 G - the ring of the Frog {rPois rF+ rN+ Will- Int+6}
   (You bought it in a shop on level 2 of the Orcish Mines)

   [ring of intelligence]

   Int:       It affects your intelligence (+6).
   rF:        It protects you from fire.
   rPois:     It protects you from poison.
   rN:        It protects you from negative energy.
   Will:      It decreases your willpower.
 I - the ring of Patience {rN++ Str-5 Slay+5 SInv}
   (You found it on level 2 of the Lair of Beasts)

   [ring of see invisible]

   Str:       It affects your strength (-5).
   Slay:      It affects your accuracy & damage with ranged weapons and melee
   (+5).
   rN:        It greatly protects you from negative energy.
   SInv:      It lets you see invisible.
Wands
 s - a wand of digging (16)
Scrolls
 a - 17 scrolls of identify
 j - 10 scrolls of teleportation
Potions
 c - a potion of magic
 d - 7 potions of might
 e - 4 potions of lignification
 f - 6 potions of cancellation
 i - 15 potions of curing
 k - 3 potions of mutation
 p - 4 potions of haste
 r - 4 potions of heal wounds
 u - 4 potions of attraction
 w - 4 potions of resistance

Dungeon Overview and Level Annotations

Branches:
Dungeon (15/15)            Temple (1/1) D:5            Lair (5/5) D:11
 Shoals (3/4) Lair:3       Spider (4/4) Lair:3        Slime (0/5) Lair:5
    Orc (2/2) D:9             Elf (0/3) Orc:2        Vaults (4/5) D:14
  Crypt (0/3) Vaults:2     Depths (0/4) D:15

Altars:
Ashenzari
Cheibriados
Dithmenos
Elyvilon
Fedhas
Gozag
Hepliaklqana
Kikubaaqudgha
Makhleb
Nemelex Xobeh
Okawaru
Qazlal
Ru
Sif Muna
Trog
Uskayaw
Vehumet
Wu Jian
Xom
Yredelemnul
Zin
The Shining One
Jiyva
Lugonu

Shops:
D:7 !   D:10 (   Orc:2 [(*=   Shoals:3 *   Vaults:1 *   Vaults:3 (

Portals:
Abyss: D:7
Trove: Vaults:3 (give +2 ice dragon scales)

Annotations:
D:5 1 runed translucent door, Crazy Yiuf
D:7 2 transporters, qw's ghost, novice GrFi
Shoals:3 Mara
Spider:1 3 runed translucent doors, Honosyedgha's ghost, adept GrBe; qw's ghost, adept MiHu
Spider:3 1 runed translucent door, qw's ghost, adept GrFi


Message History

You closely miss the vault warden.
The vault warden is almost dead.
The vault warden barely misses you.
The vault sentinel blows a loud note on a signal horn!
You slice the vault warden!!
You kill the vault warden!
Okawaru accepts your kill. Okawaru grants you throwing weapons!
Something appears at your feet!
A vault guard and an ironbound frostheart come into view.
The vault guard shouts!
The ironbound frostheart shouts!
The ironbound convoker hits you but does no damage.
The vault sentinel blows a loud note on a signal horn!
The ironbound frostheart calls freezing cold from the walls.
The frost grips you but does no damage.
You are encased in ice.
The ironbound frostheart moves out of view.
Items here: $ % ) [.
You slash the ironbound convoker!
The ironbound convoker is moderately wounded.
Strange energies crackle from the ironbound thunderhulk's apparatus.
The ironbound thunderhulk blinks!
The ironbound frostheart calls freezing cold from the walls.
The frost grips you!!
You slash the vault guard!
The vault guard is lightly wounded.
The ironbound frostheart calls freezing cold from the walls.
The frost grips you!!
A yaktaur comes into view.
You slice the vault guard!!
The vault guard is severely wounded.
You block the vault guard's attack.
The ironbound frostheart calls freezing cold from the walls.
The frost grips you!!!
37308 ||| READING 11 scrolls of teleportation.
As you read the scroll of teleportation, it crumbles to dust.
You feel strangely unstable.
The ironbound frostheart calls freezing cold from the walls.
The frost grips you but does no damage.
The vault guard hits you with a +3 war axe!
You die...

#...#.......
#)..#C.....
#...###...#
#...# ...#
#...#########
#..ppOc......
#...pcp......
#####'###p######
#.#.#...#@#.#
##.#.#.#<#.##
#.#.#.#.#.#.#
##.#.#.#.#.##
#.#.#.#.#.#.#
#..#.#.#.#..#
#.#.#.#.#.#.#
##.#.#.#.#.##
#.#.#.#.#)#)#


You could see an ironbound thunderhulk (strong), a yaktaur captain, a vault
guard, 2 ironbound frosthearts, a vault sentinel (strong), an ironbound convoker
and a yaktaur.

Vanquished Creatures
  Saint Roka (Vaults:1)
  Bai Suzhen (Shoals:3)
  A bone dragon (Abyss:2)
  Rupert (Orc:2)
  Jorgrun (D:15)
  Frances (Shoals:2)
  Asterion (Vaults:1)
  Polyphemus (Shoals:2)
  2 tentacled starspawn (Abyss:2)
  2 emperor scorpions
  7 vault wardens
  4 ghost moths
  An orc warlord (Orc:2)
  2 broodmothers (Spider:4)
  A stone giant (D:15)
  11 ironbound preservers
  2 formless jellyfish
  8 ironbound thunderhulks
  A white draconian (Abyss:2)
  A deep elf annihilator (Vaults:3)
  3 spark wasps
  4 dire elephants
  Snorg (D:13)
  Josephine (Lair:3)
  A merfolk javelineer (Shoals:1)
  A merfolk impaler (Shoals:1)
  5 entropy weavers
  5 yaktaur captains
  8 vault guards
  Harold (D:9)
  10 great orbs of eyes
  12 boulder beetles
  2 ogre magi (D:15)
  6 hydras
  A merfolk avatar (Shoals:2)
  6 centaur warriors
  9 ironbound frosthearts
  2 radroaches
  4 catoblepae
  2 jorogumos
  An alligator snapping turtle (Shoals:1)
  A merfolk aquamancer (Shoals:2)
  6 two-headed ogres
  3 tengu warriors
  9 demonic crawlers
  8 death yaks
  An orc high priest (Orc:2)
  3 wretched stars (Abyss:2)
  4 skysharks
  5 skeletal warriors
  7 sea snakes
  3 sun moths
  2 glowing orange brains
  34 deep trolls
  5 pharaoh ants
  7 orb spiders
  12 steelbarb worms
  11 lindwurms
  5 orc knights
  3 ugly things
  A deep elf pyromancer (D:15)
  11 ironbound convokers
  25 harpies
  10 cyclopes
  22 wolf spiders
  4 fauns (Shoals:1)
  2 wizards
  17 manticores
  6 oklob plants
  5 moths of wrath
  5 orc sorcerers
  2 worldbinders (Abyss:2)
  6 elephants (Lair:2)
  5 merfolk sirens
  2 water nymphs (Shoals:2)
  5 black mambas
  Joseph (D:10)
  A smoke demon (Abyss:2)
  18 vault sentinels
  2 moths of wrath (shapeshifter)
  2 gargoyles
  10 cane toads
  A centaur skeleton (Abyss:2)
  5 torpor snails
  A cane toad (shapeshifter) (D:13)
  3 rime drakes
  2 unseen horrors
  An efreet (D:14)
  5 yaktaurs
  6 komodo dragons
  7 polar bears
  3 tengu conjurers
  4 wind drakes
  9 merfolk
  6 trolls
  A troll (shapeshifter) (D:14)
  5 meliai
  2 hornets (shapeshifter) (D:15)
  28 tarantellas
  9 hornets
  4 dream sheep
  14 blink frogs
  Prince Ribbit (D:5)
  6 snapping turtles
  19 slime creatures
  31 culicivoras
  20 jumping spiders
  A shadow (D:12)
  2 vampires
  12 spriggans (Lair:5)
  5 water elementals
  3 basilisks
  2 humans (D:14)
  5 wraiths
  4 wyverns
  58 yaks
  6 vampire mosquitoes
  6 starcursed masses (Abyss:2)
  33 redbacks
  Eustachio (D:5)
  2 wargs (D:11)
  2 neqoxecs (Abyss:2)
  2 steam dragons
  Menkaure (D:7)
  2 acid dragons
  4 large abominations (Abyss:2)
  A floating eye (shapeshifter) (Vaults:1)
  20 water moccasins
  42 orc warriors
  4 ice beasts
  5 black bears
  44 wolves
  10 boggarts
  11 ogres
  19 centaurs
  8 kobold brigands
  2 phantoms
  An earth elemental (Abyss:2)
  16 bullfrogs
  4 scorpions (Lair:3)
  A wight (D:9)
  17 killer bees
  4 howler monkeys
  2 electric eels
  A quasit (D:8)
  A hound (D:6)
  A jelly (D:8)
  19 orc priests
  2 gnoll boudas
  2 iguanas
  2 iron imps (Abyss:2)
  A sleepcap (D:4)
  Natasha (thrice) (D:3)
  32 orc wizards
  5 hell rats (Lair:3)
  3 small abominations (Abyss:2)
  Robin (D:3)
  12 gnolls
  10 adders
  4 shadow imps (D:8)
  16 white imps
  3 ufetubi (D:8)
  5 worms
  7 dart slugs
  110 orcs
  10 ball pythons
  3 bats
  7 endoplasms
  7 giant cockroaches
  24 goblins
  8 hobgoblins
  2 jackals (D:2)
  6 quokkas
  3 frilled lizards
  30 kobolds
  2 rats
  2 spectral weapons (Vaults:1)
  3 starspawn tentacles (Abyss:2)
1328 creatures vanquished.

Vanquished Creatures (others)
  A rakshasa (D:14)
  A death yak (Lair:5)
  A two-headed ogre (D:15)
  A tarantella (Spider:4)
  A small abomination (Abyss:2)
  A lurking horror (Abyss:2)
  10 spectral weapons
  A starspawn tentacle (Abyss:2)
17 creatures vanquished.

Grand Total: 1345 creatures vanquished

Notes
Turn   | Place    | Note
-------+----------+-------------------------------------------
     0 | D:1      | qw the Gargoyle Fighter began the quest for the Orb.
     0 | D:1      | Reached XP level 1. HP: 14/14 MP: 1/1
     0 | D:1      | Noticed a merfolk
     0 | D:1      | 0 ||| qw: Version: 0.2-a-29-g1fa15c8
     0 | D:1      | 0 ||| qw: Game counter: 4954
     0 | D:1      | 0 ||| qw: Always use a shield: true
     0 | D:1      | 0 ||| qw: God list: Okawaru
     0 | D:1      | 0 ||| qw: Allow faded altars: false
     0 | D:1      | 0 ||| qw: Do Orc after D:15 true
     0 | D:1      | 0 ||| qw: Do second Lair branch before Depths: true
     0 | D:1      | 0 ||| qw: Lair rune preference: random
     0 | D:1      | 0 ||| qw: Plans: Normal, Zot:1-4, Slime:5, God:TSO, Crypt,
                  | Tomb, Abyss, Pan, Hells, Win
     0 | D:1      | 0 ||| PLANNING D:1-11
     1 | D:1      | Noticed a felid
     1 | D:1      | Noticed a gargoyle
     6 | D:1      | Noticed a troll
    17 | D:1      | Noticed a draconian
    17 | D:1      | Noticed a ghoul
    21 | D:1      | Noticed an ogre
   109 | D:1      | 109 ||| DROPPING +0 club.
   110 | D:1      | 110 ||| Stepping ~*~*~tactically~*~*~ (stealth).
   112 | D:1      | 112 ||| Stepping ~*~*~tactically~*~*~ (hiding).
   114 | D:1      | 114 ||| Stepping ~*~*~tactically~*~*~ (hiding).
   123 | D:1      | Reached XP level 2. HP: 18/19 MP: 2/2
   123 | D:1      | 123 ||| Stepping ~*~*~tactically~*~*~ (stealth).
   136 | D:1      | 136 ||| FLEEEEING.
   356 | D:1      | 356 ||| Stepping ~*~*~tactically~*~*~ (stealth).
   358 | D:1      | 358 ||| Stepping ~*~*~tactically~*~*~ (stealth).
   360 | D:1      | 360 ||| Stepping ~*~*~tactically~*~*~ (hiding).
   419 | D:1      | Reached skill level 3 in Axes
   421 | D:1      | 421 ||| Stepping ~*~*~tactically~*~*~ (stealth).
   422 | D:1      | 422 ||| Stepping ~*~*~tactically~*~*~ (stealth).
   436 | D:1      | Reached XP level 3. HP: 23/23 MP: 3/3
   558 | D:1      | 558 ||| DROPPING scarf of invisibility.
   559 | D:1      | 559 ||| READING 2 scrolls labelled RIRIXK IMUISI.
   560 | D:1      | 560 ||| READING 2 scrolls labelled TUOHEPP WUAM.
   774 | D:2      | Reached XP level 4. HP: 28/28 MP: 4/4
   917 | D:2      | Found a faded altar of an unknown god.
  1082 | D:2      | 1082 ||| Stepping ~*~*~tactically~*~*~ (stealth).
  1505 | D:2      | 1505 ||| UPGRADING to +0 pair of boots.
  1510 | D:2      | 1510 ||| UPGRADING to amulet of reflection.
  1515 | D:2      | 1515 ||| READING scroll labelled JYAQOT OLLI.
  1516 | D:2      | 1516 ||| READING scroll labelled KATWECS CAWA.
  1517 | D:2      | 1517 ||| DRINKING 2 fizzy white potions.
  1559 | D:3      | Noticed Robin
  1567 | D:3      | Reached XP level 5. HP: 26/32 MP: 5/5
  1572 | D:3      | Killed Robin
  1662 | D:3      | Noticed Natasha
  1670 | D:3      | Killed Natasha
  1776 | D:3      | Noticed Natasha
  1777 | D:3      | 1777 ||| Stepping ~*~*~tactically~*~*~ (stealth).
  1778 | D:3      | 1778 ||| Stepping ~*~*~tactically~*~*~ (stealth).
  1780 | D:3      | 1780 ||| Stepping ~*~*~tactically~*~*~ (hiding).
  1790 | D:3      | Killed Natasha
  1886 | D:3      | 1886 ||| Stepping ~*~*~tactically~*~*~ (hiding).
  1936 | D:3      | Noticed Natasha
  1937 | D:3      | 1937 ||| Stepping ~*~*~tactically~*~*~ (hiding).
  1943 | D:3      | Killed Natasha
  1944 | D:3      | Reached XP level 6. HP: 38/38 MP: 6/6
  2307 | D:3      | 2307 ||| UPGRADING to +0 pair of gloves.
  2312 | D:3      | 2312 ||| UPGRADING to +0 helmet.
  2317 | D:3      | 2317 ||| READING scroll labelled HOOLEI OXTA.
  2347 | D:3      | 2347 ||| DRINKING 2 clear potions.
  2376 | D:3      | 2376 ||| READING 3 scrolls of identify.
  2376 | D:3      | 2376 ||| IDENTIFYING lumpy emerald potion
  2377 | D:3      | 2377 ||| READING 2 scrolls of identify.
  2377 | D:3      | 2377 ||| IDENTIFYING smoky golden potion
  2433 | D:4      | Reached skill level 1 in Dodging
  2459 | D:4      | 2459 ||| Stepping ~*~*~tactically~*~*~ (stealth).
  2460 | D:4      | 2460 ||| Stepping ~*~*~tactically~*~*~ (stealth).
  2475 | D:4      | 2475 ||| Stepping ~*~*~tactically~*~*~ (stealth).
  2477 | D:4      | 2477 ||| Stepping ~*~*~tactically~*~*~ (stealth).
  3244 | D:4      | 3244 ||| Stepping ~*~*~tactically~*~*~ (stealth).
  3324 | D:4      | 3324 ||| UPGRADING to ring of willpower.
  3325 | D:4      | 3325 ||| READING scroll labelled YKHEPP CYODGH.
  3326 | D:4      | 3326 ||| READING 4 scrolls of identify.
  3326 | D:4      | 3326 ||| IDENTIFYING glowing cyan potion
  3327 | D:4      | 3327 ||| READING 3 scrolls of identify.
  3327 | D:4      | 3327 ||| IDENTIFYING sapphire potion
  3328 | D:4      | 3328 ||| DROPPING potion of degeneration.
  3382 | D:5      | Entered Level 5 of the Dungeon
  3388 | D:5      | 3388 ||| Stepping ~*~*~tactically~*~*~ (hiding).
  3470 | D:5      | Noticed a black bear
  3480 | D:5      | Killed a black bear
  3481 | D:5      | Reached skill level 6 in Axes
  3481 | D:5      | Reached XP level 7. HP: 38/43 MP: 7/7
  3499 | D:5      | 3499 ||| Stepping ~*~*~tactically~*~*~ (stealth).
  3503 | D:5      | Found a staircase to the Ecumenical Temple.
  3504 | D:5      | 3504 ||| PLANNING TEMPLE
  3509 | Temple   | Entered the Ecumenical Temple
  3510 | Temple   | 3510 ||| PLANNING OKAWARU WORSHIP
  3556 | Temple   | Became a worshipper of Warmaster Okawaru
  3557 | Temple   | 3557 ||| PLANNING D:1-11
  3568 | D:5      | 3568 ||| UPGRADING to +0 vampiric war axe.
  3578 | D:5      | 3578 ||| Stepping ~*~*~tactically~*~*~ (hiding).
  3590 | D:5      | 3590 ||| DROPPING +0 mace.
  3655 | D:5      | Noticed Prince Ribbit
  3685 | D:5      | Killed Prince Ribbit
  3686 | D:5      | Reached XP level 8. HP: 43/51 MP: 8/8
  3692 | D:5      | 3692 ||| FLEEEEING.
  3783 | D:5      | Reached * piety under Okawaru
  3791 | D:5      | Reached skill level 1 in Invocations
  3824 | D:5      | 3824 ||| DROPPING +1 mace of protection.
  3858 | D:5      | Noticed Eustachio
  3859 | D:5      | 3859 ||| INVOKING Heroism.
  3864 | D:5      | Killed Eustachio
  3883 | D:5      | Found a hazy altar of Hepliaklqana.
  4183 | D:5      | 4183 ||| INVOKING Heroism.
  4189 | D:5      | Reached skill level 1 in Throwing
  4189 | D:5      | Reached skill level 3 in Invocations
  4514 | D:5      | Found a runed translucent door.
  4515 | D:5      | Noticed Crazy Yiuf
  4667 | D:5      | 4667 ||| READING 2 scrolls labelled PAUWIBAZ INAA.
  4668 | D:5      | 4668 ||| READING scroll of enchant weapon.
  4668 | D:5      | 4668 ||| ENCHANTING +0 vampiric war axe.
  4669 | D:5      | 4669 ||| DRINKING 2 red potions.
  4670 | D:5      | 4670 ||| READING 5 scrolls of identify.
  4670 | D:5      | 4670 ||| IDENTIFYING lumpy red potion
  4671 | D:5      | 4671 ||| READING 4 scrolls of identify.
  4671 | D:5      | 4671 ||| IDENTIFYING viscous sapphire potion
  4672 | D:5      | 4672 ||| READING 3 scrolls of identify.
  4672 | D:5      | 4672 ||| IDENTIFYING fizzy silvery potion
  4673 | D:5      | 4673 ||| DROPPING potion of berserk rage.
  4743 | D:6      | 4743 ||| Stepping ~*~*~tactically~*~*~ (stealth).
  4812 | D:6      | 4812 ||| INVOKING Heroism.
  4817 | D:6      | Reached skill level 6 in Fighting
  4823 | D:6      | Reached XP level 9. HP: 55/55 MP: 10/12
  4836 | D:6      | 4836 ||| INVOKING Heroism.
  4981 | D:6      | Found a basalt altar of Yredelemnul.
  5035 | D:6      | Reached ** piety under Okawaru
  5036 | D:6      | Reached skill level 9 in Axes
  5058 | D:6      | 5058 ||| Stepping ~*~*~tactically~*~*~ (stealth).
  5060 | D:6      | 5060 ||| Stepping ~*~*~tactically~*~*~ (stealth).
  5139 | D:6      | 5139 ||| INVOKING Heroism.
  5667 | D:6      | 5667 ||| UPGRADING to +0 plate armour.
  5677 | D:6      | 5677 ||| DROPPING +0 scale mail.
  5678 | D:6      | 5678 ||| READING scroll labelled BEOCEUPOFO.
  5718 | D:7      | 5718 ||| Stepping ~*~*~tactically~*~*~ (stealth).
  5721 | D:7      | 5721 ||| INVOKING Heroism.
  5757 | D:7      | 5757 ||| Stepping ~*~*~tactically~*~*~ (hiding).
  5759 | D:7      | 5759 ||| Stepping ~*~*~tactically~*~*~ (hiding).
  5761 | D:7      | Noticed Menkaure
  5762 | D:7      | 5762 ||| INVOKING Heroism.
  5768 | D:7      | Killed Menkaure
  5883 | D:7      | Found a transporter.
  5923 | D:7      | Reached skill level 6 in Armour
  5951 | D:7      | Found Rumoonk's Distillery.
  5959 | D:7      | 5959 ||| BUYING potion of attraction (48 gold).
  5959 | D:7      | Bought a potion of attraction for 48 gold pieces
  5959 | D:7      | 5959 ||| BUYING potion of curing (48 gold).
  5959 | D:7      | Bought a potion of curing for 48 gold pieces
  5959 | D:7      | 5959 ||| BUYING potion of curing (48 gold).
  5959 | D:7      | Bought a potion of curing for 48 gold pieces
  5959 | D:7      | 5959 ||| BUYING potion of curing (48 gold).
  5959 | D:7      | Bought a potion of curing for 48 gold pieces
  5959 | D:7      | 5959 ||| BUYING potion of haste (160 gold).
  5959 | D:7      | Bought a potion of haste for 160 gold pieces
  5959 | D:7      | 5959 ||| SHOPLISTING potion of heal wounds (80 gold, have
                  | 69).
  5959 | D:7      | 5959 ||| BUYING potion of lignification (48 gold).
  5959 | D:7      | Bought a potion of lignification for 48 gold pieces
  5959 | D:7      | 5959 ||| SHOPLISTING potion of mutation (128 gold, have
                  | 21).
  5988 | D:7      | 5988 ||| INVOKING Heroism.
  6007 | D:7      | 6007 ||| DROPPING +0 flail.
  6057 | D:7      | 6057 ||| Stepping ~*~*~tactically~*~*~ (stealth).
  6059 | D:7      | 6059 ||| Stepping ~*~*~tactically~*~*~ (hiding).
  6109 | D:7      | 6109 ||| Stepping ~*~*~tactically~*~*~ (hiding).
  6260 | D:7      | Noticed a green ugly thing
  6264 | D:7      | Noticed qw's ghost (novice GrFi)
  6277 | D:7      | 6277 ||| INVOKING Heroism.
  6403 | D:7      | Found a one-way gate to the infinite horrors of the Abyss.
  6419 | D:7      | Found a transporter.
  6422 | D:7      | 6422 ||| READING scroll labelled RUUN GAGREINOE.
  6441 | D:8      | 6441 ||| INVOKING Heroism.
  6445 | D:8      | Reached XP level 10. HP: 56/63 MP: 10/13
  6509 | D:8      | 6509 ||| Stepping ~*~*~tactically~*~*~ (hiding).
  6511 | D:8      | 6511 ||| Stepping ~*~*~tactically~*~*~ (hiding).
  6539 | D:8      | 6539 ||| Stepping ~*~*~tactically~*~*~ (stealth).
  6541 | D:8      | 6541 ||| Stepping ~*~*~tactically~*~*~ (stealth).
  6543 | D:8      | 6543 ||| Stepping ~*~*~tactically~*~*~ (hiding).
  6577 | D:8      | Found an opulent altar of Gozag.
  6585 | D:8      | Found a glowing golden altar of the Shining One.
  6587 | D:8      | Found a hide-covered altar of Uskayaw.
  6622 | D:8      | 6622 ||| INVOKING Heroism.
  6665 | D:8      | 6665 ||| INVOKING Heroism.
  6671 | D:8      | Reached *** piety under Okawaru
  7007 | D:8      | 7007 ||| Stepping ~*~*~tactically~*~*~ (hiding).
  7100 | D:8      | 7100 ||| Stepping ~*~*~tactically~*~*~ (hiding).
  7101 | D:8      | 7101 ||| Stepping ~*~*~tactically~*~*~ (hiding).
  7108 | D:8      | 7108 ||| Stepping ~*~*~tactically~*~*~ (stealth).
  7121 | D:8      | 7121 ||| Stepping ~*~*~tactically~*~*~ (stealth).
  7127 | D:8      | 7127 ||| INVOKING Heroism.
  7304 | D:8      | 7304 ||| UPGRADING to +0 cloak.
  7309 | D:8      | 7309 ||| UPGRADING to +5 ring of evasion.
  7310 | D:8      | 7310 ||| READING scroll labelled PUZONYXAJI.
  7485 | D:9      | Found a burning altar of Makhleb.
  7485 | D:9      | Found a bloodstained altar of Trog.
  7485 | D:9      | Found an ancient bone altar of Kikubaaqudgha.
  7485 | D:9      | Found a glowing silver altar of Zin.
  7493 | D:9      | Found a stormy altar of Qazlal.
  7498 | D:9      | Found a snail-covered altar of Cheibriados.
  7526 | D:9      | 7526 ||| Stepping ~*~*~tactically~*~*~ (hiding).
  7547 | D:9      | 7547 ||| Stepping ~*~*~tactically~*~*~ (stealth).
  7549 | D:9      | 7549 ||| Stepping ~*~*~tactically~*~*~ (stealth).
  7575 | D:9      | 7575 ||| INVOKING Heroism.
  7586 | D:9      | Noticed Harold
  7587 | D:9      | Reached **** piety under Okawaru
  7605 | D:9      | Killed Harold
  7606 | D:9      | Reached XP level 11. HP: 68/68 MP: 14/14
  7655 | D:9      | 7655 ||| Stepping ~*~*~tactically~*~*~ (hiding).
  7676 | D:9      | 7676 ||| Stepping ~*~*~tactically~*~*~ (stealth).
  7683 | D:9      | 7683 ||| INVOKING Heroism.
  7693 | D:9      | 7693 ||| Stepping ~*~*~tactically~*~*~ (stealth).
  7701 | D:9      | 7701 ||| Stepping ~*~*~tactically~*~*~ (stealth).
  7703 | D:9      | 7703 ||| Stepping ~*~*~tactically~*~*~ (hiding).
  7720 | D:9      | 7720 ||| Stepping ~*~*~tactically~*~*~ (hiding).
  7726 | D:9      | 7726 ||| INVOKING Heroism.
  7745 | D:9      | 7745 ||| Stepping ~*~*~tactically~*~*~ (hiding).
  7760 | D:9      | Reached skill level 6 in Invocations
  7763 | D:9      | 7763 ||| Stepping ~*~*~tactically~*~*~ (stealth).
  7764 | D:9      | 7764 ||| INVOKING Heroism.
  7782 | D:9      | 7782 ||| Stepping ~*~*~tactically~*~*~ (hiding).
  7796 | D:9      | 7796 ||| Stepping ~*~*~tactically~*~*~ (stealth).
  7798 | D:9      | 7798 ||| Stepping ~*~*~tactically~*~*~ (hiding).
  7799 | D:9      | 7799 ||| Stepping ~*~*~tactically~*~*~ (hiding).
  7823 | D:9      | 7823 ||| Stepping ~*~*~tactically~*~*~ (stealth).
  7839 | D:9      | 7839 ||| Stepping ~*~*~tactically~*~*~ (stealth).
  7840 | D:9      | 7840 ||| Stepping ~*~*~tactically~*~*~ (stealth).
  7848 | D:9      | 7848 ||| Stepping ~*~*~tactically~*~*~ (stealth).
  7853 | D:9      | Found a staircase to the Orcish Mines.
  7884 | D:9      | Noticed a two-headed ogre
  7885 | D:9      | 7885 ||| INVOKING Heroism.
  7897 | D:9      | Killed a two-headed ogre
  7898 | D:9      | Reached skill level 9 in Fighting
  7940 | D:9      | 7940 ||| Stepping ~*~*~tactically~*~*~ (hiding).
  7943 | D:9      | 7943 ||| Stepping ~*~*~tactically~*~*~ (hiding).
  7945 | D:9      | 7945 ||| INVOKING Heroism.
  7982 | D:9      | Noticed a red ugly thing
  7982 | D:9      | Noticed a brown ugly thing
  7983 | D:9      | 7983 ||| Stepping ~*~*~tactically~*~*~ (stealth).
  7996 | D:9      | 7996 ||| INVOKING Heroism.
  7999 | D:9      | 7999 ||| DRINKING 5 potions of curing.
  7999 | D:9      | 7999 ||| (to cure confusion)
  8000 | D:9      | Noticed a cyclops
  8003 | D:9      | Killed a red ugly thing
  8010 | D:9      | Killed a red ugly thing
  8013 | D:9      | Noticed a cyclops
  8018 | D:9      | 8018 ||| INVOKING Heroism.
  8020 | D:9      | HP: 16/71 [meliai/+3 quarterstaff of distortion (5)]
  8021 | D:9      | 8021 ||| READING 3 scrolls of teleportation.
  8021 | D:9      | Noticed a cyclops
  8021 | D:9      | HP: 6/71 [meliai/+3 quarterstaff of distortion (10)]
  8021 | D:9      | Noticed a manticore
  8022 | D:9      | 8022 ||| DRINKING potion of heal wounds.
  8028 | D:9      | Noticed a boulder beetle
  8063 | D:9      | Killed a boulder beetle
  8064 | D:9      | Reached skill level 9 in Armour
  8116 | D:9      | 8116 ||| FLEEEEING.
  8118 | D:9      | 8118 ||| INVOKING Heroism.
  8141 | D:9      | 8141 ||| FLEEEEING.
  8142 | D:9      | 8142 ||| FLEEEEING.
  8193 | D:9      | 8193 ||| Stepping ~*~*~tactically~*~*~ (stealth).
  8194 | D:9      | 8194 ||| Stepping ~*~*~tactically~*~*~ (stealth).
  8195 | D:9      | 8195 ||| INVOKING Heroism.
  8216 | D:9      | 8216 ||| Stepping ~*~*~tactically~*~*~ (stealth).
  8219 | D:9      | 8219 ||| INVOKING Heroism.
  8234 | D:9      | Killed a cyclops
  8261 | D:9      | 8261 ||| Stepping ~*~*~tactically~*~*~ (stealth).
  8291 | D:9      | 8291 ||| Stepping ~*~*~tactically~*~*~ (stealth).
  8293 | D:9      | 8293 ||| Stepping ~*~*~tactically~*~*~ (stealth).
  8296 | D:9      | 8296 ||| Stepping ~*~*~tactically~*~*~ (stealth).
  8297 | D:9      | 8297 ||| INVOKING Heroism.
  8303 | D:9      | Killed a manticore
  8373 | D:9      | 8373 ||| Stepping ~*~*~tactically~*~*~ (stealth).
  8403 | D:9      | 8403 ||| INVOKING Heroism.
  8412 | D:9      | Killed a cyclops
  8497 | D:9      | 8497 ||| INVOKING Heroism.
  8506 | D:9      | Killed a cyclops
  8507 | D:9      | Reached XP level 12. HP: 69/76 MP: 16/18
  8835 | D:9      | 8835 ||| READING scroll labelled YHYC FY WISS.
  8835 | D:9      | Identified a scroll of acquirement
  8835 | D:9      | 8835 ||| ACQUIRING +1 pair of boots of the Planets {rF-
                  | Dex+5}
  8835 | D:9      | Acquired the +1 pair of boots of the Planets {rF- Dex+5}
  8858 | D:10     | Entered Level 10 of the Dungeon
  8886 | D:10     | 8886 ||| FLEEEEING.
  8887 | D:10     | 8887 ||| FLEEEEING.
  8965 | D:10     | Reached skill level 12 in Axes
  8965 | D:10     | Reached skill level 9 in Invocations
  8996 | D:10     | Found a sparkling altar of Nemelex Xobeh.
  9014 | D:10     | 9014 ||| Stepping ~*~*~tactically~*~*~ (hiding).
  9038 | D:10     | Noticed a two-headed ogre
  9048 | D:10     | Killed a two-headed ogre
  9089 | D:10     | Noticed Joseph
  9090 | D:10     | 9090 ||| Stepping ~*~*~tactically~*~*~ (hiding).
  9102 | D:10     | Killed Joseph
  9213 | D:10     | 9213 ||| Stepping ~*~*~tactically~*~*~ (stealth).
  9327 | D:10     | Found Niasoc's Antique Weapon Shop.
  9338 | D:10     | Reached ***** piety under Okawaru
  9483 | D:10     | Reached skill level 6 in Shields
  9600 | D:10     | 9600 ||| READING 3 scrolls labelled LEPYWIE VEISHROESI.
  9601 | D:10     | 9601 ||| READING scroll labelled UWIATYACHA.
  9602 | D:10     | 9602 ||| DROPPING 2 scrolls of fog.
  9698 | D:11     | 9698 ||| INVOKING Heroism.
  9821 | D:11     | 9821 ||| Stepping ~*~*~tactically~*~*~ (stealth).
  9838 | D:11     | 9838 ||| INVOKING Heroism.
  9853 | D:11     | 9853 ||| Stepping ~*~*~tactically~*~*~ (hiding).
  9883 | D:11     | Found a staircase to the Lair.
  9919 | D:11     | 9919 ||| FLEEEEING.
 10140 | D:11     | 10140 ||| Stepping ~*~*~tactically~*~*~ (hiding).
 10201 | D:11     | 10201 ||| DROPPING +0 war axe.
 10203 | D:11     | Noticed a boulder beetle
 10204 | D:11     | 10204 ||| INVOKING Heroism.
 10205 | D:11     | 10205 ||| INVOKING Finesse.
 10230 | D:11     | Killed a boulder beetle
 10375 | D:11     | 10375 ||| PLANNING LAIR
 10375 | D:11     | 10375 ||| READING scroll labelled FUQAFRUXKA.
 10402 | Lair:1   | Entered Level 1 of the Lair of Beasts
 10482 | Lair:1   | 10482 ||| Stepping ~*~*~tactically~*~*~ (stealth).
 10490 | Lair:1   | Received a gift from Okawaru
 10525 | Lair:1   | 10525 ||| INVOKING Heroism.
 10575 | Lair:1   | 10575 ||| INVOKING Heroism.
 10625 | Lair:1   | 10625 ||| Stepping ~*~*~tactically~*~*~ (hiding).
 10626 | Lair:1   | 10626 ||| Stepping ~*~*~tactically~*~*~ (hiding).
 10627 | Lair:1   | 10627 ||| Stepping ~*~*~tactically~*~*~ (hiding).
 10629 | Lair:1   | 10629 ||| Stepping ~*~*~tactically~*~*~ (hiding).
 10648 | Lair:1   | 10648 ||| INVOKING Heroism.
 10943 | Lair:1   | Found a dark tunnel.
 11323 | Lair:1   | 11323 ||| READING scroll labelled PAOZYA KOHE.
 11324 | Lair:1   | 11324 ||| DRINKING 2 grey potions.
 11324 | Lair:1   | Reached skill level 12 in Armour
 11324 | Lair:1   | Reached XP level 13. HP: 82/82 MP: 20/20
 11325 | Lair:1   | 11325 ||| DRINKING potion of experience.
 11325 | Lair:1   | Reached skill level 6 in Throwing
 11325 | Lair:1   | Gained mutation: Your large and strong wings let you fly.
                  | [Gargoyle growth]
 11325 | Lair:1   | Reached XP level 14. HP: 88/88 MP: 21/21
 11326 | Lair:1   | 11326 ||| READING 9 scrolls of identify.
 11326 | Lair:1   | 11326 ||| IDENTIFYING golden potion
 11327 | Lair:1   | 11327 ||| DROPPING potion of enlightenment.
 11380 | Lair:2   | 11380 ||| INVOKING Heroism.
 11422 | Lair:2   | Reached XP level 15. HP: 92/92 MP: 22/22
 11451 | Lair:2   | 11451 ||| Stepping ~*~*~tactically~*~*~ (stealth).
 11535 | Lair:2   | 11535 ||| Stepping ~*~*~tactically~*~*~ (stealth).
 11695 | Lair:2   | 11695 ||| Stepping ~*~*~tactically~*~*~ (stealth).
 11697 | Lair:2   | 11697 ||| Stepping ~*~*~tactically~*~*~ (stealth).
 11710 | Lair:2   | Received a gift from Okawaru
 11783 | Lair:2   | 11783 ||| INVOKING Heroism.
 11784 | Lair:2   | 11784 ||| INVOKING Finesse.
 11790 | Lair:2   | 11790 ||| SWAPPING to +0 morningstar.
 11792 | Lair:2   | 11792 ||| UPGRADING to +1 vampiric war axe.
 12074 | Lair:2   | 12074 ||| INVOKING Heroism.
 12075 | Lair:2   | 12075 ||| INVOKING Finesse.
 12123 | Lair:2   | 12123 ||| INVOKING Heroism.
 12268 | Lair:2   | 12268 ||| INVOKING Heroism.
 12325 | Lair:2   | Identified the ring of Patience {rN++ Str-5 Slay+5 SInv}
 12481 | Lair:2   | 12481 ||| UPGRADING to +2 helmet of see invisible.
 12491 | Lair:2   | 12491 ||| DROPPING +0 helmet.
 12492 | Lair:2   | 12492 ||| DROPPING ring of positive energy.
 12493 | Lair:2   | 12493 ||| UPGRADING to ring of Patience {rN++ Str-5 Slay+5
                  | SInv}.
 12495 | Lair:2   | 12495 ||| READING 2 scrolls labelled ROL LEIZUI.
 12496 | Lair:2   | 12496 ||| READING 8 scrolls of identify.
 12496 | Lair:2   | 12496 ||| IDENTIFYING viscous silvery potion
 12497 | Lair:2   | 12497 ||| DROPPING potion of invisibility.
 12498 | Lair:2   | 12498 ||| DROPPING scroll of noise.
 12579 | Lair:3   | 12579 ||| Stepping ~*~*~tactically~*~*~ (stealth).
 12590 | Lair:3   | Found a hole to the Spider Nest.
 12607 | Lair:3   | 12607 ||| Stepping ~*~*~tactically~*~*~ (stealth).
 12611 | Lair:3   | 12611 ||| Stepping ~*~*~tactically~*~*~ (stealth).
 12683 | Lair:3   | 12683 ||| INVOKING Heroism.
 12793 | Lair:3   | 12793 ||| INVOKING Heroism.
 12974 | Lair:3   | Found a staircase to the Shoals.
 12999 | Lair:3   | Noticed Josephine
 13000 | Lair:3   | 13000 ||| Stepping ~*~*~tactically~*~*~ (stealth).
 13001 | Lair:3   | 13001 ||| Stepping ~*~*~tactically~*~*~ (stealth).
 13003 | Lair:3   | 13003 ||| Stepping ~*~*~tactically~*~*~ (stealth).
 13004 | Lair:3   | 13004 ||| Stepping ~*~*~tactically~*~*~ (stealth).
 13053 | Lair:3   | Killed Josephine
 13324 | Lair:3   | Found a sacrificial altar of Ru.
 13356 | Lair:3   | 13356 ||| Stepping ~*~*~tactically~*~*~ (stealth).
 13617 | Lair:3   | 13617 ||| DROPPING amulet of the acrobat.
 13738 | Lair:4   | 13738 ||| Stepping ~*~*~tactically~*~*~ (stealth).
 13806 | Lair:4   | 13806 ||| INVOKING Heroism.
 13813 | Lair:4   | 13813 ||| SWAPPING to +0 morningstar.
 13836 | Lair:4   | 13836 ||| Stepping ~*~*~tactically~*~*~ (stealth).
 13858 | Lair:4   | 13858 ||| Stepping ~*~*~tactically~*~*~ (stealth).
 13868 | Lair:4   | 13868 ||| UPGRADING to +1 vampiric war axe.
 13878 | Lair:4   | Identified the ring "Opposs" {rN+ Int+2 SInv}
 13933 | Lair:4   | 13933 ||| INVOKING Heroism.
 13937 | Lair:4   | Reached skill level 15 in Axes
 14065 | Lair:4   | 14065 ||| Stepping ~*~*~tactically~*~*~ (stealth).
 14096 | Lair:4   | 14096 ||| Stepping ~*~*~tactically~*~*~ (cloud).
 14165 | Lair:4   | 14165 ||| Stepping ~*~*~tactically~*~*~ (stealth).
 14168 | Lair:4   | 14168 ||| Stepping ~*~*~tactically~*~*~ (stealth).
 14510 | Lair:4   | 14510 ||| DROPPING amulet of magic regeneration.
 14511 | Lair:4   | 14511 ||| DROPPING ring "Opposs" {rN+ Int+2 SInv}.
 14512 | Lair:4   | 14512 ||| UPGRADING to +4 ring of slaying {mikee}.
 14514 | Lair:4   | 14514 ||| DROPPING ring of willpower.
 14515 | Lair:4   | 14515 ||| DROPPING +6 ring of dexterity.
 14520 | Lair:5   | Entered Level 5 of the Lair of Beasts
 14525 | Lair:5   | 14525 ||| STAIRDANCE
 14602 | Lair:5   | 14602 ||| Stepping ~*~*~tactically~*~*~ (stealth).
 14604 | Lair:5   | 14604 ||| Stepping ~*~*~tactically~*~*~ (stealth).
 14606 | Lair:5   | 14606 ||| Stepping ~*~*~tactically~*~*~ (stealth).
 14628 | Lair:5   | Reached skill level 12 in Fighting
 14636 | Lair:5   | 14636 ||| INVOKING Heroism.
 14694 | Lair:5   | 14694 ||| INVOKING Heroism.
 14793 | Lair:5   | 14793 ||| Stepping ~*~*~tactically~*~*~ (stealth).
 14906 | Lair:5   | 14906 ||| Stepping ~*~*~tactically~*~*~ (stealth).
 14980 | Lair:5   | Received a gift from Okawaru
 15019 | Lair:5   | Received a gift from Okawaru
 15151 | Lair:5   | 15151 ||| Stepping ~*~*~tactically~*~*~ (stealth).
 15198 | Lair:5   | 15198 ||| INVOKING Heroism.
 15200 | Lair:5   | Reached XP level 16. HP: 101/101 MP: 20/23
 15218 | Lair:5   | Received a gift from Okawaru
 15232 | Lair:5   | 15232 ||| READING scroll of enchant weapon.
 15232 | Lair:5   | 15232 ||| ENCHANTING +1 vampiric war axe.
 15253 | Lair:5   | 15253 ||| Stepping ~*~*~tactically~*~*~ (stealth).
 15254 | Lair:5   | 15254 ||| INVOKING Heroism.
 15287 | Lair:5   | 15287 ||| Stepping ~*~*~tactically~*~*~ (stealth).
 15304 | Lair:5   | Reached skill level 3 in Dodging
 15341 | Lair:5   | 15341 ||| INVOKING Heroism.
 15379 | Lair:5   | 15379 ||| READING scroll of enchant weapon.
 15379 | Lair:5   | 15379 ||| ENCHANTING +2 vampiric war axe.
 15487 | Lair:5   | Found a viscous altar of Jiyva.
 15487 | Lair:5   | Found a staircase to the Slime Pits.
 15864 | Lair:5   | 15864 ||| PLANNING D
 15864 | Lair:5   | 15864 ||| UPGRADING to +0 kite shield.
 15874 | Lair:5   | 15874 ||| DROPPING +0 buckler.
 16113 | D:12     | 16113 ||| Stepping ~*~*~tactically~*~*~ (stealth).
 16117 | D:12     | 16117 ||| Stepping ~*~*~tactically~*~*~ (hiding).
 16118 | D:12     | 16118 ||| Stepping ~*~*~tactically~*~*~ (stealth).
 16298 | D:12     | 16298 ||| INVOKING Heroism.
 16300 | D:12     | 16300 ||| SWAPPING to +0 morningstar.
 16333 | D:12     | 16333 ||| UPGRADING to +3 vampiric war axe.
 16651 | D:13     | 16651 ||| INVOKING Heroism.
 16672 | D:13     | Reached skill level 9 in Shields
 16813 | D:13     | 16813 ||| Stepping ~*~*~tactically~*~*~ (hiding).
 16821 | D:13     | 16821 ||| INVOKING Heroism.
 16824 | D:13     | 16824 ||| SWAPPING to +0 morningstar.
 16854 | D:13     | 16854 ||| UPGRADING to +3 vampiric war axe.
 16954 | D:13     | Identified the +4 falchion "Wulas" {heavy, rElec rC++ Str+4
                  | Int-2}
 16966 | D:13     | Noticed Snorg
 16971 | D:13     | 16971 ||| INVOKING Heroism.
 16981 | D:13     | Killed Snorg
 17033 | D:13     | 17033 ||| Stepping ~*~*~tactically~*~*~ (stealth).
 17229 | D:14     | 17229 ||| Stepping ~*~*~tactically~*~*~ (hiding).
 17231 | D:14     | 17231 ||| Stepping ~*~*~tactically~*~*~ (hiding).
 17232 | D:14     | 17232 ||| Stepping ~*~*~tactically~*~*~ (hiding).
 17266 | D:14     | Received a gift from Okawaru
 17319 | D:14     | Found a corrupted altar of Lugonu.
 17468 | D:14     | 17468 ||| DROPPING +4 war axe.
 17475 | D:14     | 17475 ||| INVOKING Heroism.
 17501 | D:14     | Found a gate to the Vaults.
 17502 | D:14     | 17502 ||| INVOKING Heroism.
 17601 | D:14     | 17601 ||| Stepping ~*~*~tactically~*~*~ (hiding).
 17602 | D:14     | 17602 ||| Stepping ~*~*~tactically~*~*~ (hiding).
 17603 | D:14     | 17603 ||| Stepping ~*~*~tactically~*~*~ (hiding).
 17605 | D:14     | 17605 ||| Stepping ~*~*~tactically~*~*~ (hiding).
 17606 | D:14     | 17606 ||| Stepping ~*~*~tactically~*~*~ (hiding).
 17607 | D:14     | 17607 ||| Stepping ~*~*~tactically~*~*~ (hiding).
 17608 | D:14     | 17608 ||| Stepping ~*~*~tactically~*~*~ (hiding).
 17609 | D:14     | 17609 ||| Stepping ~*~*~tactically~*~*~ (hiding).
 17621 | D:14     | 17621 ||| Stepping ~*~*~tactically~*~*~ (stealth).
 17622 | D:14     | 17622 ||| Stepping ~*~*~tactically~*~*~ (stealth).
 17677 | D:14     | 17677 ||| Stepping ~*~*~tactically~*~*~ (hiding).
 17679 | D:14     | 17679 ||| Stepping ~*~*~tactically~*~*~ (hiding).
 17687 | D:14     | Found a broken altar of Ashenzari.
 17809 | D:15     | Entered Level 15 of the Dungeon
 17810 | D:15     | 17810 ||| PLANNING GAUNTLET
 17842 | D:15     | Noticed Jorgrun
 17843 | D:15     | 17843 ||| Stepping ~*~*~tactically~*~*~ (hiding).
 17844 | D:15     | 17844 ||| INVOKING Heroism.
 17869 | D:15     | Killed Jorgrun
 17870 | D:15     | Reached skill level 12 in Shields
 17877 | D:15     | 17877 ||| Stepping ~*~*~tactically~*~*~ (stealth).
 17879 | D:15     | 17879 ||| Stepping ~*~*~tactically~*~*~ (stealth).
 17885 | D:15     | Received a gift from Okawaru
 17945 | D:15     | 17945 ||| INVOKING Heroism.
 17987 | D:15     | 17987 ||| Stepping ~*~*~tactically~*~*~ (hiding).
 17988 | D:15     | 17988 ||| INVOKING Heroism.
 17994 | D:15     | 17994 ||| SWAPPING to +0 morningstar.
 18006 | D:15     | 18006 ||| Stepping ~*~*~tactically~*~*~ (outnumbered).
 18027 | D:15     | HP: 14/103 [boulder beetle (17)]
 18028 | D:15     | 18028 ||| READING 9 scrolls of teleportation.
 18028 | D:15     | HP: 6/103 [manticore (9)]
 18029 | D:15     | 18029 ||| DRINKING 3 potions of heal wounds.
 18031 | D:15     | Found a staircase to the Depths.
 18032 | Abyss:2  | Cast into level 2 of the Abyss (a wizard)
 18081 | Abyss:2  | 18081 ||| Stepping ~*~*~tactically~*~*~ (stealth).
 18082 | Abyss:2  | 18082 ||| INVOKING Heroism.
 18170 | Abyss:2  | 18170 ||| Stepping ~*~*~tactically~*~*~ (stealth).
 18175 | Abyss:2  | 18175 ||| Stepping ~*~*~tactically~*~*~ (stealth).
 18176 | Abyss:2  | 18176 ||| Stepping ~*~*~tactically~*~*~ (stealth).
 18177 | Abyss:2  | 18177 ||| Stepping ~*~*~tactically~*~*~ (stealth).
 18178 | Abyss:2  | 18178 ||| Stepping ~*~*~tactically~*~*~ (stealth).
 18181 | Abyss:2  | 18181 ||| Stepping ~*~*~tactically~*~*~ (stealth).
 18183 | Abyss:2  | 18183 ||| Stepping ~*~*~tactically~*~*~ (stealth).
 18184 | Abyss:2  | 18184 ||| Stepping ~*~*~tactically~*~*~ (stealth).
 18185 | Abyss:2  | 18185 ||| Stepping ~*~*~tactically~*~*~ (stealth).
 18186 | Abyss:2  | 18186 ||| Stepping ~*~*~tactically~*~*~ (stealth).
 18187 | Abyss:2  | 18187 ||| Stepping ~*~*~tactically~*~*~ (stealth).
 18204 | Abyss:2  | 18204 ||| UPGRADING to +3 vampiric war axe.
 18212 | Abyss:2  | 18212 ||| Stepping ~*~*~tactically~*~*~ (stealth).
 18213 | Abyss:2  | 18213 ||| Stepping ~*~*~tactically~*~*~ (stealth).
 18228 | Abyss:2  | 18228 ||| Stepping ~*~*~tactically~*~*~ (stealth).
 18255 | Abyss:2  | 18255 ||| Stepping ~*~*~tactically~*~*~ (stealth).
 18256 | Abyss:2  | 18256 ||| Stepping ~*~*~tactically~*~*~ (stealth).
 18301 | Abyss:2  | 18301 ||| Stepping ~*~*~tactically~*~*~ (stealth).
 18302 | Abyss:2  | 18302 ||| Stepping ~*~*~tactically~*~*~ (stealth).
 18313 | Abyss:2  | Noticed a tentacled starspawn
 18322 | Abyss:2  | Killed a tentacled starspawn
 18351 | Abyss:2  | 18351 ||| Stepping ~*~*~tactically~*~*~ (hiding).
 18360 | Abyss:2  | Received a gift from Okawaru
 18422 | Abyss:2  | Found a corrupted altar of Lugonu.
 18492 | Abyss:2  | 18492 ||| Stepping ~*~*~tactically~*~*~ (stealth).
 18527 | Abyss:2  | 18527 ||| Stepping ~*~*~tactically~*~*~ (stealth).
 18529 | Abyss:2  | 18529 ||| Stepping ~*~*~tactically~*~*~ (stealth).
 18530 | Abyss:2  | 18530 ||| Stepping ~*~*~tactically~*~*~ (stealth).
 18552 | Abyss:2  | 18552 ||| Stepping ~*~*~tactically~*~*~ (stealth).
 18554 | Abyss:2  | Gained mutation: You possess an exceptional clarity of
                  | mind. [a neqoxec]
 18556 | Abyss:2  | Gained mutation: You do not regenerate when monsters are
                  | visible. [a neqoxec]
 18564 | Abyss:2  | 18564 ||| DRINKING 4 potions of mutation.
 18564 | Abyss:2  | Lost mutation: You possess an exceptional clarity of mind.
                  | [potion of mutation]
 18564 | Abyss:2  | Lost mutation: You do not regenerate when monsters are
                  | visible. [potion of mutation]
 18564 | Abyss:2  | Gained mutation: You are weak. (Str -2) [potion of
                  | mutation]
 18564 | Abyss:2  | Gained mutation: You are partially covered in iridescent
                  | scales. (AC +2) [potion of mutation]
 18564 | Abyss:2  | Gained mutation: You are agile. (Dex +4, Str/Int -1)
                  | [potion of mutation]
 18564 | Abyss:2  | Gained mutation: Your mind is acute. (Int +4, Str/Dex -1)
                  | [potion of mutation]
 18674 | Abyss:2  | 18674 ||| Stepping ~*~*~tactically~*~*~ (hiding).
 18691 | Abyss:2  | 18691 ||| INVOKING Heroism.
 18694 | Abyss:2  | 18694 ||| Stepping ~*~*~tactically~*~*~ (hiding).
 18700 | Abyss:2  | HP: 17/82 [starcursed mass/accursed screaming (7)]
 18701 | Abyss:2  | 18701 ||| READING 8 scrolls of teleportation.
 18702 | Abyss:2  | 18702 ||| DRINKING 2 potions of heal wounds.
 18716 | Abyss:2  | HP: 19/82 [ancient zyme (8)]
 18717 | Abyss:2  | 18717 ||| DRINKING potion of heal wounds.
 18758 | Abyss:2  | 18758 ||| Stepping ~*~*~tactically~*~*~ (stealth).
 18769 | Abyss:2  | 18769 ||| Stepping ~*~*~tactically~*~*~ (stealth).
 18828 | Abyss:2  | 18828 ||| Stepping ~*~*~tactically~*~*~ (stealth).
 18853 | Abyss:2  | 18853 ||| Stepping ~*~*~tactically~*~*~ (stealth).
 18860 | Abyss:2  | Noticed a tentacled starspawn
 18861 | Abyss:2  | 18861 ||| Stepping ~*~*~tactically~*~*~ (stealth).
 18862 | Abyss:2  | 18862 ||| Stepping ~*~*~tactically~*~*~ (stealth).
 18870 | Abyss:2  | 18870 ||| Stepping ~*~*~tactically~*~*~ (stealth).
 18873 | Abyss:2  | 18873 ||| Stepping ~*~*~tactically~*~*~ (stealth).
 18877 | Abyss:2  | 18877 ||| Stepping ~*~*~tactically~*~*~ (stealth).
 18878 | Abyss:2  | 18878 ||| Stepping ~*~*~tactically~*~*~ (stealth).
 18894 | Abyss:2  | Killed a tentacled starspawn
 18918 | Abyss:2  | Noticed a bone dragon
 18918 | Abyss:2  | 18918 ||| Stepping ~*~*~tactically~*~*~ (stealth).
 18922 | Abyss:2  | 18922 ||| Stepping ~*~*~tactically~*~*~ (stealth).
 18929 | Abyss:2  | 18929 ||| INVOKING Heroism.
 18944 | Abyss:2  | Killed a bone dragon
 18957 | Abyss:2  | 18957 ||| Stepping ~*~*~tactically~*~*~ (stealth).
 18979 | Abyss:2  | 18979 ||| Stepping ~*~*~tactically~*~*~ (stealth).
 18981 | Abyss:2  | 18981 ||| Stepping ~*~*~tactically~*~*~ (stealth).
 18983 | Abyss:2  | 18983 ||| Stepping ~*~*~tactically~*~*~ (stealth).
 18993 | Abyss:2  | 18993 ||| Stepping ~*~*~tactically~*~*~ (stealth).
 18997 | Abyss:2  | 18997 ||| INVOKING Heroism.
 19003 | Abyss:2  | Reached XP level 17. HP: 103/108 MP: 21/24
 19005 | Abyss:2  | 19005 ||| RIP GAUNTLET
 19005 | Abyss:2  | 19005 ||| PLANNING D
 19006 | D:15     | Escaped the Abyss
 19006 | D:15     | 19006 ||| RIP GAUNTLET
 19075 | D:15     | 19075 ||| INVOKING Heroism.
 19301 | D:15     | 19301 ||| DROPPING +0 morningstar.
 19486 | D:15     | 19486 ||| INVOKING Heroism.
 19749 | D:15     | 19749 ||| Stepping ~*~*~tactically~*~*~ (hiding).
 19867 | D:15     | 19867 ||| PLANNING ORC
 19867 | D:15     | 19867 ||| READING 16 scrolls of identify.
 19867 | D:15     | 19867 ||| IDENTIFYING bubbling inky potion
 20005 | Orc:1    | Entered Level 1 of the Orcish Mines
 20048 | Orc:1    | 20048 ||| Stepping ~*~*~tactically~*~*~ (stealth).
 20056 | Orc:1    | Received a gift from Okawaru
 20213 | Orc:2    | Entered Level 2 of the Orcish Mines
 20232 | Orc:2    | 20232 ||| INVOKING Heroism.
 20247 | Orc:2    | 20247 ||| INVOKING Finesse.
 20278 | Orc:2    | Received a gift from Okawaru
 20304 | Orc:2    | 20304 ||| INVOKING Heroism.
 20347 | Orc:2    | 20347 ||| FLEEEEING.
 20348 | Orc:2    | 20348 ||| FLEEEEING.
 20349 | Orc:2    | 20349 ||| FLEEEEING.
 20350 | Orc:2    | 20350 ||| FLEEEEING.
 20351 | Orc:2    | 20351 ||| FLEEEEING.
 20352 | Orc:2    | 20352 ||| STAIRDANCE
 20520 | Orc:2    | Found Lunwotti's General Store.
 20526 | Orc:2    | Paralysed by an orc sorcerer for 4 turns
 20531 | Orc:2    | Received a gift from Okawaru
 20571 | Orc:2    | 20571 ||| BUYING 2 potions of cancellation (160 gold).
 20571 | Orc:2    | Bought 2 potions of cancellation for 160 gold pieces
 20571 | Orc:2    | 20571 ||| BUYING scroll of teleportation (30 gold).
 20571 | Orc:2    | Bought a scroll of teleportation for 30 gold pieces
 20579 | Orc:2    | Found Ovvuon's Antique Weapon Emporium.
 20636 | Orc:2    | Noticed Rupert
 20637 | Orc:2    | 20637 ||| INVOKING Heroism.
 20638 | Orc:2    | 20638 ||| INVOKING Finesse.
 20657 | Orc:2    | Killed Rupert
 20717 | Orc:2    | Found a staircase to the Elven Halls.
 20718 | Orc:2    | 20718 ||| Stepping ~*~*~tactically~*~*~ (hiding).
 21051 | Orc:1    | 21051 ||| UPGRADING to +1 plate armour of willpower.
 21061 | Orc:1    | 21061 ||| DROPPING +0 plate armour.
 21645 | Orc:2    | Found Burrin's Jewellery Emporium.
 21652 | Orc:2    | 21652 ||| BUYING ring of protection from fire (350 gold).
 21652 | Orc:2    | Bought a ring of protection from fire for 350 gold pieces
 21652 | Orc:2    | 21652 ||| BUYING ring of the Frog {rPois rF+ rN+ Will-
                  | Int+6} (758 gold).
 21652 | Orc:2    | Bought the ring of the Frog {rPois rF+ rN+ Will- Int+6} for
                  | 758 gold pieces
 21683 | Orc:2    | Found Nuas's Antique Armour Emporium.
 21771 | Orc:2    | 21771 ||| PLANNING SPIDER:1-3
 21964 | Spider:1 | Entered Level 1 of the Spider Nest
 21982 | Spider:1 | 21982 ||| STAIRDANCE
 22048 | Spider:1 | 22048 ||| INVOKING Heroism.
 22192 | Spider:1 | 22192 ||| INVOKING Heroism.
 22199 | Spider:1 | Received a gift from Okawaru
 22199 | Spider:1 | Found the +16 obsidian axe {drain, demonic, Mesm Drain Fly
                  | SInv}
 22225 | Spider:1 | 22225 ||| UPGRADING to +16 obsidian axe {drain, demonic,
                  | Mesm Drain Fly SInv}.
 22261 | Spider:1 | Found a runed translucent gate.
 22277 | Spider:1 | 22277 ||| Stepping ~*~*~tactically~*~*~ (hiding).
 22295 | Spider:1 | 22295 ||| INVOKING Heroism.
 22363 | Spider:1 | 22363 ||| Stepping ~*~*~tactically~*~*~ (stealth).
 22364 | Spider:1 | 22364 ||| Stepping ~*~*~tactically~*~*~ (hiding).
 22378 | Spider:1 | 22378 ||| Stepping ~*~*~tactically~*~*~ (stealth).
 22394 | Spider:1 | 22394 ||| INVOKING Heroism.
 22656 | Spider:1 | 22656 ||| Stepping ~*~*~tactically~*~*~ (hiding).
 22905 | Spider:1 | 22905 ||| Stepping ~*~*~tactically~*~*~ (stealth).
 22909 | Spider:1 | 22909 ||| INVOKING Finesse.
 23109 | Spider:1 | 23109 ||| FLEEEEING.
 23111 | Spider:1 | 23111 ||| FLEEEEING.
 23117 | Spider:1 | 23117 ||| Stepping ~*~*~tactically~*~*~ (stealth).
 23118 | Spider:1 | 23118 ||| Stepping ~*~*~tactically~*~*~ (stealth).
 23189 | Spider:1 | 23189 ||| FLEEEEING.
 23204 | Spider:1 | Found a runed translucent gate.
 23206 | Spider:1 | Found a runed translucent gate.
 23209 | Spider:1 | Noticed qw's ghost (adept MiHu)
 23209 | Spider:1 | Noticed Honosyedgha's ghost (adept GrBe)
 23421 | Spider:1 | 23421 ||| INVOKING Heroism.
 23422 | Spider:1 | 23422 ||| INVOKING Finesse.
 23585 | Spider:1 | 23585 ||| Stepping ~*~*~tactically~*~*~ (hiding).
 23916 | Spider:1 | 23916 ||| READING 2 scrolls labelled LACWAJEXOI.
 23917 | Spider:1 | 23917 ||| READING scroll of enchant armour.
 23917 | Spider:1 | 23917 ||| ENCHANTING +0 pair of gloves.
 23964 | Spider:2 | Reached XP level 18. HP: 116/116 MP: 25/25
 23970 | Spider:2 | 23970 ||| DROPPING +3 war axe of flaming.
 24037 | Spider:2 | Received a gift from Okawaru
 24081 | Spider:2 | 24081 ||| INVOKING Finesse.
 24107 | Spider:2 | 24107 ||| Stepping ~*~*~tactically~*~*~ (stealth).
 24109 | Spider:2 | 24109 ||| Stepping ~*~*~tactically~*~*~ (stealth).
 24381 | Spider:2 | 24381 ||| Stepping ~*~*~tactically~*~*~ (hiding).
 24489 | Spider:2 | 24489 ||| Stepping ~*~*~tactically~*~*~ (hiding).
 24496 | Spider:2 | 24496 ||| INVOKING Finesse.
 24577 | Spider:2 | 24577 ||| FLEEEEING.
 24580 | Spider:2 | 24580 ||| Stepping ~*~*~tactically~*~*~ (hiding).
 24581 | Spider:2 | 24581 ||| Stepping ~*~*~tactically~*~*~ (stealth).
 24689 | Spider:2 | 24689 ||| FLEEEEING.
 24696 | Spider:2 | 24696 ||| Stepping ~*~*~tactically~*~*~ (hiding).
 24798 | Spider:2 | 24798 ||| INVOKING Heroism.
 24807 | Spider:2 | 24807 ||| INVOKING Finesse.
 25331 | Spider:2 | Reached skill level 18 in Axes
 25425 | Spider:2 | 25425 ||| DRINKING 2 bubbling yellow potions.
 25426 | Spider:2 | 25426 ||| DROPPING potion of brilliance.
 25451 | Spider:3 | 25451 ||| INVOKING Finesse.
 25460 | Spider:3 | 25460 ||| INVOKING Heroism.
 25469 | Spider:3 | 25469 ||| STAIRDANCE
 25680 | Spider:3 | Reached skill level 15 in Fighting
 25848 | Spider:3 | 25848 ||| Stepping ~*~*~tactically~*~*~ (stealth).
 25851 | Spider:3 | 25851 ||| INVOKING Heroism.
 25857 | Spider:3 | 25857 ||| INVOKING Finesse.
 25863 | Spider:3 | Received a gift from Okawaru
 25925 | Spider:3 | Identified the +1 leather armour of Contentment {rF- Str+5
                  | Int+2}
 26103 | Spider:3 | Found a runed translucent door.
 26107 | Spider:3 | Noticed qw's ghost (adept GrFi)
 26176 | Spider:3 | 26176 ||| INVOKING Heroism.
 26198 | Spider:3 | 26198 ||| Stepping ~*~*~tactically~*~*~ (stealth).
 26204 | Spider:3 | Received a gift from Okawaru
 26349 | Spider:3 | 26349 ||| PLANNING SHOALS:1-3
 26362 | Spider:3 | 26362 ||| PLANNING SPIDER:1-3
 26374 | Spider:3 | 26374 ||| PLANNING SHOALS:1-3
 26396 | Spider:3 | 26396 ||| PLANNING SPIDER:1-3
 26423 | Spider:3 | 26423 ||| PLANNING SHOALS:1-3
 26477 | Spider:3 | 26477 ||| PLANNING SPIDER:1-3
 26531 | Spider:3 | 26531 ||| PLANNING SHOALS:1-3
 26571 | Spider:3 | 26571 ||| PLANNING SPIDER:1-3
 26608 | Spider:3 | 26608 ||| PLANNING SHOALS:1-3
 26654 | Spider:3 | 26654 ||| PLANNING SPIDER:1-3
 26697 | Spider:3 | 26697 ||| Stepping randomly (stuck).
 26698 | Spider:3 | 26698 ||| PLANNING SHOALS:1-3
 26864 | Shoals:1 | Entered Level 1 of the Shoals
 26866 | Shoals:1 | 26866 ||| INVOKING Heroism.
 26883 | Shoals:1 | Received a gift from Okawaru
 26884 | Shoals:1 | Reached skill level 15 in Armour
 26958 | Shoals:1 | 26958 ||| Stepping ~*~*~tactically~*~*~ (hiding).
 26990 | Shoals:1 | 26990 ||| INVOKING Heroism.
 27017 | Shoals:1 | Identified the +0 robe "Buhoebb" {*Slow rPois Int+7 Stlth+}
 27033 | Shoals:1 | 27033 ||| Stepping ~*~*~tactically~*~*~ (hiding).
 27035 | Shoals:1 | 27035 ||| Stepping ~*~*~tactically~*~*~ (hiding).
 27073 | Shoals:1 | 27073 ||| Stepping ~*~*~tactically~*~*~ (stealth).
 27360 | Shoals:1 | 27360 ||| INVOKING Heroism.
 27371 | Shoals:1 | Received a gift from Okawaru
 27614 | Shoals:2 | Noticed Polyphemus
 27615 | Shoals:2 | 27615 ||| INVOKING Heroism.
 27624 | Shoals:2 | Killed Polyphemus
 27683 | Shoals:2 | 27683 ||| Stepping ~*~*~tactically~*~*~ (hiding).
 27802 | Shoals:2 | Received a gift from Okawaru
 27835 | Shoals:2 | Reached skill level 9 in Throwing
 27866 | Shoals:2 | Noticed Frances
 27867 | Shoals:2 | 27867 ||| INVOKING Heroism.
 27877 | Shoals:2 | Killed Frances
 27906 | Shoals:2 | Received a gift from Okawaru
 27914 | Shoals:2 | Reached skill level 15 in Shields
 28078 | Shoals:2 | 28078 ||| INVOKING Heroism.
 28089 | Shoals:2 | Reached XP level 19. HP: 111/124 MP: 24/26
 28338 | Shoals:2 | 28338 ||| FLEEEEING.
 28339 | Shoals:2 | 28339 ||| FLEEEEING.
 28349 | Shoals:2 | 28349 ||| FLEEEEING.
 28350 | Shoals:2 | 28350 ||| FLEEEEING.
 28351 | Shoals:2 | 28351 ||| FLEEEEING.
 28352 | Shoals:2 | 28352 ||| FLEEEEING.
 28367 | Shoals:2 | 28367 ||| INVOKING Heroism.
 28806 | Shoals:3 | Received a gift from Okawaru
 28871 | Shoals:3 | Noticed Mara
 28872 | Shoals:3 | 28872 ||| Stepping ~*~*~tactically~*~*~ (hiding).
 28874 | Shoals:3 | 28874 ||| Stepping ~*~*~tactically~*~*~ (hiding).
 28877 | Shoals:3 | 28877 ||| Stepping ~*~*~tactically~*~*~ (hiding).
 28883 | Shoals:3 | 28883 ||| INVOKING Heroism.
 28897 | Shoals:3 | Noticed qw's illusion
 28917 | Shoals:3 | Noticed qw's illusion
 28939 | Shoals:3 | Noticed qw's illusion
 28940 | Shoals:3 | 28940 ||| INVOKING Heroism.
 28954 | Shoals:3 | HP: 22/125 [something/bolt of fire (46)]
 28955 | Shoals:3 | 28955 ||| READING 11 scrolls of teleportation.
 28956 | Shoals:3 | 28956 ||| DRINKING 2 potions of heal wounds.
 28959 | Shoals:3 | 28959 ||| DRINKING potion of heal wounds.
 28987 | Shoals:3 | 28987 ||| INVOKING Heroism.
 29221 | Shoals:3 | 29221 ||| INVOKING Heroism.
 29241 | Shoals:3 | Found Xeesep's Overcharged Wands.
 29249 | Shoals:3 | 29249 ||| BUYING wand of digging (11) (693 gold).
 29249 | Shoals:3 | Bought a wand of digging (11) for 693 gold pieces
 29282 | Shoals:3 | Noticed Bai Suzhen
 29283 | Shoals:3 | 29283 ||| INVOKING Heroism.
 29297 | Shoals:3 | Killed Bai Suzhen
 29298 | Shoals:3 | 29298 ||| Stepping ~*~*~tactically~*~*~ (cloud).
 29693 | Shoals:3 | 29693 ||| PLANNING SPIDER:4
 29693 | Shoals:3 | 29693 ||| UPGRADING to +6 ring of strength.
 29695 | Shoals:3 | 29695 ||| DROPPING +4 ring of slaying {mikee}.
 29875 | Spider:4 | Entered Level 4 of the Spider Nest
 30019 | Spider:4 | 30019 ||| INVOKING Heroism.
 30156 | Spider:4 | 30156 ||| READING scroll of enchant armour.
 30156 | Spider:4 | 30156 ||| ENCHANTING +1 pair of gloves.
 30324 | Spider:4 | 30324 ||| Stepping ~*~*~tactically~*~*~ (stealth).
 30334 | Spider:4 | 30334 ||| Stepping ~*~*~tactically~*~*~ (stealth).
 30335 | Spider:4 | 30335 ||| INVOKING Heroism.
 30348 | Spider:4 | 30348 ||| DRINKING 13 potions of curing.
 30348 | Spider:4 | 30348 ||| (to cure confusion)
 30366 | Spider:4 | HP: 31/127 [culicivora (11)]
 30367 | Spider:4 | 30367 ||| READING 10 scrolls of teleportation.
 30637 | Spider:4 | Got a gossamer rune of Zot
 30781 | Spider:4 | 30781 ||| PLANNING VAULTS:1-4
 30781 | Spider:4 | 30781 ||| DROPPING +0 pair of boots of stealth.
 30782 | Spider:4 | 30782 ||| DROPPING +0 hat of willpower.
 31028 | Vaults:1 | Entered Level 1 of the Vaults
 31034 | Vaults:1 | 31034 ||| INVOKING Heroism.
 31129 | Vaults:1 | Identified the +0 scale mail of Theory {Rampage SInv}
 31204 | Vaults:1 | 31204 ||| Stepping ~*~*~tactically~*~*~ (hiding).
 31215 | Vaults:1 | 31215 ||| Stepping ~*~*~tactically~*~*~ (stealth).
 31217 | Vaults:1 | 31217 ||| Stepping ~*~*~tactically~*~*~ (stealth).
 31229 | Vaults:1 | 31229 ||| INVOKING Heroism.
 31443 | Vaults:1 | 31443 ||| Stepping ~*~*~tactically~*~*~ (hiding).
 31444 | Vaults:1 | 31444 ||| Stepping ~*~*~tactically~*~*~ (hiding).
 31449 | Vaults:1 | 31449 ||| INVOKING Heroism.
 31450 | Vaults:1 | 31450 ||| INVOKING Finesse.
 31456 | Vaults:1 | 31456 ||| Stepping ~*~*~tactically~*~*~ (stealth).
 31623 | Vaults:1 | Noticed Asterion
 31624 | Vaults:1 | 31624 ||| INVOKING Heroism.
 31635 | Vaults:1 | Killed Asterion
 31639 | Vaults:1 | 31639 ||| UPGRADING to +0 spectral broad axe.
 31640 | Vaults:1 | 31640 ||| DROPPING +3 vampiric war axe.
 31654 | Vaults:1 | 31654 ||| FLEEEEING.
 31655 | Vaults:1 | 31655 ||| FLEEEEING.
 31657 | Vaults:1 | 31657 ||| FLEEEEING.
 31658 | Vaults:1 | 31658 ||| FLEEEEING.
 31659 | Vaults:1 | 31659 ||| FLEEEEING.
 31660 | Vaults:1 | 31660 ||| FLEEEEING.
 31661 | Vaults:1 | 31661 ||| FLEEEEING.
 31662 | Vaults:1 | 31662 ||| FLEEEEING.
 31663 | Vaults:1 | 31663 ||| FLEEEEING.
 31664 | Vaults:1 | 31664 ||| FLEEEEING.
 31669 | Vaults:1 | 31669 ||| FLEEEEING.
 31670 | Vaults:1 | 31670 ||| FLEEEEING.
 31671 | Vaults:1 | 31671 ||| FLEEEEING.
 31672 | Vaults:1 | 31672 ||| FLEEEEING.
 31673 | Vaults:1 | 31673 ||| FLEEEEING.
 31674 | Vaults:1 | 31674 ||| FLEEEEING.
 31675 | Vaults:1 | 31675 ||| FLEEEEING.
 31676 | Vaults:1 | 31676 ||| FLEEEEING.
 31677 | Vaults:1 | 31677 ||| FLEEEEING.
 31678 | Vaults:1 | 31678 ||| FLEEEEING.
 31684 | Vaults:1 | 31684 ||| FLEEEEING.
 31685 | Vaults:1 | 31685 ||| FLEEEEING.
 31686 | Vaults:1 | 31686 ||| FLEEEEING.
 31687 | Vaults:1 | 31687 ||| FLEEEEING.
 31702 | Vaults:1 | 31702 ||| INVOKING Heroism.
 31703 | Vaults:1 | Received a gift from Okawaru
 31735 | Vaults:1 | Received a gift from Okawaru
 31848 | Vaults:1 | 31848 ||| Stepping ~*~*~tactically~*~*~ (hiding).
 31849 | Vaults:1 | 31849 ||| Stepping ~*~*~tactically~*~*~ (hiding).
 31850 | Vaults:1 | 31850 ||| Stepping ~*~*~tactically~*~*~ (hiding).
 31851 | Vaults:1 | 31851 ||| Stepping ~*~*~tactically~*~*~ (hiding).
 31853 | Vaults:1 | 31853 ||| Stepping ~*~*~tactically~*~*~ (hiding).
 31854 | Vaults:1 | 31854 ||| INVOKING Heroism.
 32093 | Vaults:1 | Found Kaschim's General Store.
 32165 | Vaults:1 | 32165 ||| FLEEEEING.
 32167 | Vaults:1 | 32167 ||| FLEEEEING.
 32168 | Vaults:1 | 32168 ||| FLEEEEING.
 32169 | Vaults:1 | 32169 ||| FLEEEEING.
 32170 | Vaults:1 | 32170 ||| FLEEEEING.
 32171 | Vaults:1 | 32171 ||| FLEEEEING.
 32179 | Vaults:1 | 32179 ||| STAIRDANCE
 32346 | Vaults:1 | 32346 ||| Stepping ~*~*~tactically~*~*~ (stealth).
 32467 | Vaults:1 | 32467 ||| Stepping ~*~*~tactically~*~*~ (hiding).
 32627 | Vaults:1 | Noticed Saint Roka
 32628 | Vaults:1 | 32628 ||| INVOKING Heroism.
 32641 | Vaults:1 | Killed Saint Roka
 32826 | Vaults:1 | Reached XP level 20. HP: 126/134 MP: 27/27
 33461 | Vaults:2 | Found a staircase to the Crypt.
 33559 | Vaults:2 | Received a gift from Okawaru
 33576 | Vaults:2 | 33576 ||| Stepping ~*~*~tactically~*~*~ (hiding).
 33582 | Vaults:2 | 33582 ||| FLEEEEING.
 33600 | Vaults:2 | Reached skill level 6 in Dodging
 33605 | Vaults:2 | 33605 ||| FLEEEEING.
 33606 | Vaults:2 | 33606 ||| FLEEEEING.
 33607 | Vaults:2 | 33607 ||| FLEEEEING.
 33608 | Vaults:2 | 33608 ||| FLEEEEING.
 33609 | Vaults:2 | 33609 ||| FLEEEEING.
 33610 | Vaults:2 | 33610 ||| FLEEEEING.
 33611 | Vaults:2 | 33611 ||| FLEEEEING.
 33612 | Vaults:2 | 33612 ||| FLEEEEING.
 33613 | Vaults:2 | 33613 ||| FLEEEEING.
 33614 | Vaults:2 | 33614 ||| FLEEEEING.
 33615 | Vaults:2 | 33615 ||| FLEEEEING.
 33616 | Vaults:2 | 33616 ||| FLEEEEING.
 33617 | Vaults:2 | 33617 ||| FLEEEEING.
 33618 | Vaults:2 | 33618 ||| FLEEEEING.
 33619 | Vaults:2 | 33619 ||| FLEEEEING.
 33620 | Vaults:2 | 33620 ||| FLEEEEING.
 33621 | Vaults:2 | 33621 ||| FLEEEEING.
 33622 | Vaults:2 | 33622 ||| FLEEEEING.
 33623 | Vaults:2 | 33623 ||| FLEEEEING.
 33624 | Vaults:2 | 33624 ||| FLEEEEING.
 33625 | Vaults:2 | 33625 ||| FLEEEEING.
 33722 | Vaults:2 | 33722 ||| Stepping ~*~*~tactically~*~*~ (stealth).
 33725 | Vaults:2 | 33725 ||| Stepping ~*~*~tactically~*~*~ (stealth).
 33727 | Vaults:2 | 33727 ||| Stepping ~*~*~tactically~*~*~ (hiding).
 33728 | Vaults:2 | 33728 ||| Stepping ~*~*~tactically~*~*~ (hiding).
 33730 | Vaults:2 | 33730 ||| Stepping ~*~*~tactically~*~*~ (hiding).
 33738 | Vaults:2 | 33738 ||| Stepping ~*~*~tactically~*~*~ (hiding).
 33775 | Vaults:2 | 33775 ||| INVOKING Heroism.
 33785 | Vaults:2 | 33785 ||| Stepping ~*~*~tactically~*~*~ (hiding).
 33786 | Vaults:2 | 33786 ||| Stepping ~*~*~tactically~*~*~ (hiding).
 33793 | Vaults:2 | Received a gift from Okawaru
 33855 | Vaults:2 | 33855 ||| FLEEEEING.
 34366 | Vaults:2 | 34366 ||| Stepping ~*~*~tactically~*~*~ (hiding).
 34376 | Vaults:2 | 34376 ||| INVOKING Heroism.
 34402 | Vaults:2 | 34402 ||| FLEEEEING.
 34404 | Vaults:2 | 34404 ||| FLEEEEING.
 34405 | Vaults:2 | 34405 ||| FLEEEEING.
 34406 | Vaults:2 | 34406 ||| FLEEEEING.
 34407 | Vaults:2 | 34407 ||| FLEEEEING.
 34408 | Vaults:2 | 34408 ||| FLEEEEING.
 34409 | Vaults:2 | 34409 ||| FLEEEEING.
 34410 | Vaults:2 | 34410 ||| FLEEEEING.
 34411 | Vaults:2 | 34411 ||| FLEEEEING.
 34412 | Vaults:2 | 34412 ||| FLEEEEING.
 34413 | Vaults:2 | 34413 ||| FLEEEEING.
 34414 | Vaults:2 | 34414 ||| FLEEEEING.
 34415 | Vaults:2 | 34415 ||| FLEEEEING.
 34416 | Vaults:2 | 34416 ||| FLEEEEING.
 34663 | Vaults:2 | 34663 ||| Stepping ~*~*~tactically~*~*~ (hiding).
 34664 | Vaults:2 | 34664 ||| Stepping ~*~*~tactically~*~*~ (hiding).
 34671 | Vaults:2 | Received a gift from Okawaru
 35302 | Vaults:3 | Reached skill level 18 in Fighting
 35322 | Vaults:3 | 35322 ||| Stepping ~*~*~tactically~*~*~ (hiding).
 35329 | Vaults:3 | 35329 ||| INVOKING Heroism.
 35337 | Vaults:3 | 35337 ||| Stepping ~*~*~tactically~*~*~ (stealth).
 35344 | Vaults:3 | 35344 ||| Stepping ~*~*~tactically~*~*~ (stealth).
 35347 | Vaults:3 | 35347 ||| INVOKING Heroism.
 35351 | Vaults:3 | 35351 ||| Stepping ~*~*~tactically~*~*~ (stealth).
 35352 | Vaults:3 | 35352 ||| Stepping ~*~*~tactically~*~*~ (stealth).
 35398 | Vaults:3 | Received a gift from Okawaru
 35461 | Vaults:3 | Found Suiph's Antique Weapon Shop.
 35497 | Vaults:3 | 35497 ||| Stepping ~*~*~tactically~*~*~ (hiding).
 35498 | Vaults:3 | 35498 ||| Stepping ~*~*~tactically~*~*~ (hiding).
 35499 | Vaults:3 | 35499 ||| Stepping ~*~*~tactically~*~*~ (hiding).
 35642 | Vaults:3 | 35642 ||| Stepping ~*~*~tactically~*~*~ (hiding).
 35644 | Vaults:3 | 35644 ||| Stepping ~*~*~tactically~*~*~ (hiding).
 35649 | Vaults:3 | 35649 ||| INVOKING Heroism.
 35713 | Vaults:3 | 35713 ||| INVOKING Heroism.
 35715 | Vaults:3 | Received a gift from Okawaru
 35996 | Vaults:3 | Found a portal to a secret trove of treasure.
 36006 | Vaults:3 | Reached skill level 18 in Armour
 36091 | Vaults:3 | 36091 ||| INVOKING Heroism.
 36168 | Vaults:3 | 36168 ||| Stepping ~*~*~tactically~*~*~ (hiding).
 36359 | Vaults:3 | 36359 ||| FLEEEEING.
 36363 | Vaults:3 | 36363 ||| FLEEEEING.
 36364 | Vaults:3 | 36364 ||| FLEEEEING.
 36365 | Vaults:3 | 36365 ||| FLEEEEING.
 36366 | Vaults:3 | 36366 ||| FLEEEEING.
 36367 | Vaults:3 | 36367 ||| FLEEEEING.
 36368 | Vaults:3 | 36368 ||| FLEEEEING.
 36483 | Vaults:3 | 36483 ||| Stepping ~*~*~tactically~*~*~ (stealth).
 36614 | Vaults:3 | 36614 ||| Stepping ~*~*~tactically~*~*~ (hiding).
 36618 | Vaults:3 | 36618 ||| Stepping ~*~*~tactically~*~*~ (hiding).
 36619 | Vaults:3 | 36619 ||| Stepping ~*~*~tactically~*~*~ (hiding).
 36620 | Vaults:3 | 36620 ||| Stepping ~*~*~tactically~*~*~ (hiding).
 36627 | Vaults:3 | Paralysed by a great orb of eyes for 4 turns
 36637 | Vaults:3 | 36637 ||| INVOKING Heroism.
 36750 | Vaults:3 | 36750 ||| Stepping ~*~*~tactically~*~*~ (stealth).
 36792 | Vaults:3 | 36792 ||| FLEEEEING.
 36793 | Vaults:3 | 36793 ||| FLEEEEING.
 36794 | Vaults:3 | 36794 ||| FLEEEEING.
 36795 | Vaults:3 | 36795 ||| FLEEEEING.
 37128 | Vaults:4 | Identified the +4 short sword of Kiromiw {vamp, Str+3}
 37155 | Vaults:4 | 37155 ||| FLEEEEING.
 37156 | Vaults:4 | 37156 ||| FLEEEEING.
 37157 | Vaults:4 | 37157 ||| FLEEEEING.
 37158 | Vaults:4 | 37158 ||| FLEEEEING.
 37159 | Vaults:4 | 37159 ||| FLEEEEING.
 37160 | Vaults:4 | 37160 ||| FLEEEEING.
 37161 | Vaults:4 | 37161 ||| FLEEEEING.
 37162 | Vaults:4 | 37162 ||| FLEEEEING.
 37163 | Vaults:4 | 37163 ||| FLEEEEING.
 37164 | Vaults:4 | 37164 ||| FLEEEEING.
 37165 | Vaults:4 | 37165 ||| FLEEEEING.
 37166 | Vaults:4 | 37166 ||| FLEEEEING.
 37167 | Vaults:4 | 37167 ||| FLEEEEING.
 37168 | Vaults:4 | 37168 ||| FLEEEEING.
 37169 | Vaults:4 | 37169 ||| FLEEEEING.
 37170 | Vaults:4 | 37170 ||| FLEEEEING.
 37171 | Vaults:4 | 37171 ||| FLEEEEING.
 37172 | Vaults:4 | 37172 ||| FLEEEEING.
 37173 | Vaults:4 | 37173 ||| FLEEEEING.
 37174 | Vaults:4 | 37174 ||| FLEEEEING.
 37175 | Vaults:4 | 37175 ||| FLEEEEING.
 37176 | Vaults:4 | 37176 ||| FLEEEEING.
 37177 | Vaults:4 | 37177 ||| FLEEEEING.
 37178 | Vaults:4 | 37178 ||| FLEEEEING.
 37179 | Vaults:4 | 37179 ||| FLEEEEING.
 37180 | Vaults:4 | 37180 ||| FLEEEEING.
 37181 | Vaults:4 | 37181 ||| FLEEEEING.
 37182 | Vaults:4 | 37182 ||| FLEEEEING.
 37183 | Vaults:4 | 37183 ||| STAIRDANCE
 37291 | Vaults:4 | 37291 ||| INVOKING Heroism.
 37303 | Vaults:4 | Received a gift from Okawaru
 37307 | Vaults:4 | HP: 1/137 [ironbound frostheart/creeping frost (36)]
 37308 | Vaults:4 | 37308 ||| READING 11 scrolls of teleportation.
 37308 | Vaults:4 | Mangled by a vault guard

Levels and vault maps discovered:
D:1:      shiori_arrival_whats_in_store_for_you, layout_basic, serial_glass,
          glass_columns_b, glass_columns_a
D:2:      minmay_wonky_spiral, layout_basic,
          shapermc_ecumenical_altar_flowoftime
D:3:      layout_basic, uniq_robin, uniq_natasha
D:4:      layout_basic, feat_on_display
D:5:      corexii_shantytown, layout_basic, mainiacjoe_overflow_surrounded_room,
          minmay_temple_entry_waves, uniq_crazy_yiuf_cottage,
          uniq_prince_ribbit1, uniq_eustachio
D:6:      layout_gridville, yredelemnul_altar_generic, chequers_avenue,
          st_stairs_10
D:7:      layout_basic, serial_shops, nicolae_stop_n_shop_1,
          gammafunk_ghost_abyssal_escape, corexii_hall_statues_i, uniq_menkaure
D:8:      layout_loops_ring, minitemple, serial_demonic, serial_demonic_g,
          serial_demonic_a, serial_demonic_c, serial_demonic_a,
          serial_demonic_d, grunt_ministairs_8, kennysheep_decorative_pillar,
          nicolae_fountain_basement
D:9:      minmay_the_grid_octo_2x2 [minmay_the_grid_octo_odd_swirl,
          minmay_the_grid_octo_fat_diamond, minmay_the_grid_octo_focus,
          minmay_the_grid_octo_prize_ultimate_mussel_roller],
          layout_irregular_city, minmay_overflow_temple_hex, david_orc_5,
          uniq_harold
D:10:     layout_roguey, nemelex_xobeh_ov_fountains_minmay, serial_shops,
          nicolae_shop_behind_doors, st_stairs_13, uniq_joseph
D:11:     layout_rooms, erik_lair_orcish_takeover, grunt_ministairs_3,
          minmay_misc_feat_diagonals
D:12:     layout_small_grid
D:13:     layout_rooms, chequers_jeans, uniq_snorg
D:14:     layout_rooms, grunt_vaults_entry_fortified,
          nicolae_ashenzari_skybound, tgw_lugonu_bribe
D:15:     hangedman_depths_entry_civil_slaughter, layout_basic,
          gauntlet_entry_generic, minmay_alternating_orb, uniq_jorgrun
Temple:   nicolae_temple_ecumenical_triangle
Lair:1:   layout_long_grid, enter_volcano_4
Lair:2:   minmay_lair_oklob_tunnel, layout_gridlike, infiniplex_staircase_pool
Lair:3:   layout_cave_pods, elwin_shoals_entry_rooms,
          nicolae_spider_entry_non_spiders, portal_ice_cave_entry_imps,
          basic_altar, serial_bayou_shore_a, infiniplex_staircase_pool_2,
          uniq_josephine
Lair:4:   layout_roguey, minivault_27, lemuel_fruit_tree, grunt_megastairs_4
Lair:5:   minmay_lair_end_enchanted_forest, layout_loops_ring,
          dpeg_slime_entry_enclosed, serial_bayou_lagoon_a
Shoals:1: layout_shoals
Shoals:2: layout_shoals, uniq_frances, uniq_polyphemus
Shoals:3: layout_shoals, nicolae_shop_overcharged_wands, uniq_mara,
          uniq_bai_suzhen
Spider:1: spider_temple_joshua, gammafunk_ghost_cemetery,
          hangedman_spider_tarantella_strand
Spider:2: layout_chambers, hangedman_spider_trapstep
Spider:3: layout_spider_delve, ebering_ghost_reflecting_pool,
          einodemon_crawler_minivault
Spider:4: grunt_spider_rune_parallel, nicolae_spider_circle_web
Orc:1:    layout_caves
Orc:2:    grunt_orc_cross, layout_caves, nicolae_orc_crystal_geode, uniq_rupert
Vaults:1: nicolae_vaults_ring_of_whatevers, v_misc_16, vaults_room_semicircle,
          grunt_vaults_hallway_long, nicolae_vaults_closet_pinwheel_3,
          nicolae_vaults_ninety_degrees, v_misc_17, vaults_room_fours,
          nicolae_vaults_alarming, nicolae_vaults_trapezoid_lopsided_3,
          v_misc_2, v_misc_3, nicolae_vaults_tetromino_L_1,
          vaults_room_hangedman_quadrants, layout_vaults_omnicross,
          serial_shops, shop, uniq_asterion, uniq_saint_roka
Vaults:2: nicolae_vaults_mini_display_case, ontoclasm_vaults_chip, v_misc_13,
          nicolae_vaults_cochlea, nicolae_vaults_network_s,
          nicolae_vaults_double_plus_1, v_misc_26, vaults_mumra_minichess,
          hangedman_vaults_trim, nicolae_vaults_apartment_2,
          layout_vaults_omnigrid
Vaults:3: nicolae_vaults_storage_closets_2, hangedman_vaults_capsules,
          hangedman_vaults_snaps, nicolae_vaults_stepped_doors,
          vaults_dpeg_hooks, ontoclasm_vaults_ring_large,
          nicolae_vaults_tangram_1, ontoclasm_vaults_eye,
          hangedman_vaults_nails, vaults_room_octagon,
          nicolae_vaults_little_squares_1, layout_vaults_maze_bifur,
          enter_trove_1, serial_shops, nicolae_shop_window_shopping
Vaults:4: vaults_mumra_lcd, nicolae_vaults_holding_cells,
          nicolae_vaults_cornered_office, nicolae_vaults_oval_intersection,
          nicolae_vaults_offset_grid_hallway_3, nicolae_vaults_trapezoid_1,
          hangedman_vaults_trim, nicolae_vaults_little_squares_1,
          nicolae_vaults_cochlea, v_pattern_1, vaults_room_corners,
          layout_vaults_big_room, serial_shops, shop

Skill      XL: |  1  2  3  4  5  6  7  8  9 10 11 12 13 14 15 16 17 18 19 20 |
---------------+-------------------------------------------------------------+-----
Axes           | 2 3 4 5 6 7 8 9 11 13 16 17 18 | 18.0
Fighting       | 4 5 6 7 8 9 10 12 13 14 15 17 18 | 18.6
Dodging        | 1 2 3 4 5 6 |  6.0
Invocations    | 4 5 8 10 | 10.0
Throwing       | 1 6 7 9 10 | 10.0
Shields        | 4 5 6 7 13 14 15 16 | 16.4
Armour         | 6 8 9 12 13 14 15 17 18 | 18.0

Action                     |  1- 3 |  4- 6 |  7- 9 | 10-12 | 13-15 | 16-18 | 19-21 || total
---------------------------+-------+-------+-------+-------+-------+-------+-------++-------
  Melee: War axe           |   114 |   205 |   289 |   753 |   714 |   938 |       ||  3013
         Morningstar       |       |       |       |       |    15 |    55 |       ||    70
         Broad axe         |       |       |       |       |       |   471 |   725 ||  1196
  Throw: Boomerang         |       |       |    52 |   131 |   131 |    82 |   122 ||   518
         Javelin           |       |       |       |       |     5 |   213 |    66 ||   284
 Invoke: Heroism           |       |       |    10 |    23 |    12 |    35 |    24 ||   104
         Finesse           |       |       |       |     1 |     2 |     9 |     1 ||    13
    Use: Scroll            |     2 |     8 |     7 |     7 |     3 |     7 |     4 ||    38
         Potion            |       |     2 |     1 |     3 |     1 |     5 |     3 ||    15
   Stab: Petrified         |       |       |       |       |     7 |     4 |       ||    11
         Petrifying        |       |       |       |       |     3 |     1 |       ||     4
         Distracted        |       |       |       |       |       |     1 |    12 ||    13
 Armour: Scale mail        |    48 |    89 |    64 |       |       |       |       ||   201
         Plate armour      |       |       |    82 |   383 |   337 |   610 |   248 ||  1660
  Dodge: Dodged            |    58 |    89 |   107 |   302 |   297 |   472 |   206 ||  1531
  Block: Buckler           |    15 |    71 |   136 |   329 |   303 |    21 |       ||   875
         Reflection        |       |     4 |     3 |    12 |     4 |    69 |     6 ||    98
         Kite shield       |       |       |       |       |       |  1163 |   465 ||  1628

Table legend:
 A = Non-vault XP
 B = Vault XP
 C = Vault XP percentage of total XP
 D = Non-vault monster count
 E = Vault monster count
 F = Vault count percentage of total count
                 A         B        C        D         E       F
            +---------+---------+-------+---------+---------+-------
      Total |  275492 |  155183 |  36.0 |     885 |     442 |  33.3
            +---------+---------+-------+---------+---------+-------
        D:1 |      38 |       0 |   0.0 |      19 |       0 |   0.0
        D:2 |      84 |      21 |  20.0 |      20 |       4 |  16.7
        D:3 |     132 |      71 |  35.0 |      20 |      13 |  39.4
        D:4 |     192 |       0 |   0.0 |      19 |       0 |   0.0
        D:5 |     874 |     519 |  37.3 |      18 |      23 |  56.1
        D:6 |    1271 |      56 |   4.2 |      21 |       2 |   8.7
        D:7 |    1115 |     169 |  13.2 |      34 |       1 |   2.9
        D:8 |    1912 |    1056 |  35.6 |      28 |      22 |  44.0
        D:9 |    2304 |    9018 |  79.7 |      21 |      53 |  71.6
       D:10 |    3227 |     675 |  17.3 |      25 |       2 |   7.4
       D:11 |    3095 |    1066 |  25.6 |      12 |      11 |  47.8
       D:12 |    2258 |       0 |   0.0 |      10 |       0 |   0.0
       D:13 |    7024 |     951 |  11.9 |      13 |       1 |   7.1
       D:14 |    6062 |    5526 |  47.7 |      15 |      10 |  40.0
       D:15 |   14937 |   13410 |  47.3 |      36 |      20 |  35.7
     Lair:1 |    4207 |       0 |   0.0 |      19 |       0 |   0.0
     Lair:2 |   11418 |    2641 |  18.8 |      38 |       6 |  13.6
     Lair:3 |    4979 |    2718 |  35.3 |      20 |      26 |  56.5
     Lair:4 |    5412 |    1754 |  24.5 |      15 |       4 |  21.1
     Lair:5 |   15488 |    8308 |  34.9 |      64 |      47 |  42.3
   Shoals:1 |   14376 |       0 |   0.0 |      27 |       0 |   0.0
   Shoals:2 |   15675 |    5675 |  26.6 |      31 |       5 |  13.9
   Shoals:3 |   11137 |    2987 |  21.1 |      22 |       1 |   4.3
   Spider:1 |   14004 |   14560 |  51.0 |      39 |      29 |  42.6
   Spider:2 |   17612 |    2858 |  14.0 |      40 |       7 |  14.9
   Spider:3 |   18049 |    5068 |  21.9 |      36 |       7 |  16.3
   Spider:4 |    8736 |   15450 |  63.9 |      22 |      36 |  62.1
      Orc:1 |    2655 |       0 |   0.0 |      30 |       0 |   0.0
      Orc:2 |    1770 |    9039 |  83.6 |      38 |      36 |  48.6
   Vaults:1 |   19999 |   22219 |  52.6 |      27 |      37 |  57.8
   Vaults:2 |   18917 |   16842 |  47.1 |      27 |      22 |  44.9
   Vaults:3 |   31953 |   10280 |  24.3 |      43 |      13 |  23.2
   Vaults:4 |     361 |    2246 |  86.2 |       1 |       4 |  80.0
    Abyss:2 |   14219 |       0 |   0.0 |      35 |       0 |   0.0
            +---------+---------+-------+---------+---------+-------
